Workbook
Name dd: [1]下拉选项!$E$2:$E$32

Sheet Sheet1
A1: hgkjgkjhg
A2: 狗汉奸 | K2: 单位：吃
A3: 规范化发 | C3: kjlkj | F3: 会根据 | G3: kljlj;l | J3: 会根据 | M3: 国家 | N3: jhgkjgh
A4: 和股份 | C4: ghkjgkjh | F4: 回复 | G4: 或购房或购房 | J4: 个很符合 | L4: hjgkjh | M4: 和股份
A5: 供货方 | F5: 银行账号 | J5: 主管部门 | M5: 电 话 | N5: gfjhfjh
A6: 清算方式是否为核定征收 | J6: 否
A7: 项 目 | I7: 行次 | K7: 购房 | M7: 和股份 | N7: 科技馆和
A8: 防火规范 | I8: 1 | K8: =SUM(M8:N8) -> 1.6429671e+08 | M8: =SUM(M9:M11) -> 1.5671032e+08 | N8: =SUM(N9:N11) -> 7586390
A9: 其中 | B9: 重复 | I9: 2 | K9: =SUM(M9:N9) -> 1.6429671e+08 | M9: 1.5671032e+08 | N9: =7586390 -> 7586390
B10: 供货方 | I10: 3 | K10: =SUM(M10:N10) -> 0
B11: 挂号费改和 | I11: 4 | K11: =SUM(M11:N11) -> 0
A12: 供货方 | I12: 5 | K12: =SUM(M12:N12) -> 16685774 | M12: =M13+M14+M22+M25+M30 -> 16042917 | N12: =N13+N14+N22+N25+N30 -> 642857.48
A13: 和股份 | I13: 6 | K13: =SUM(M13:N13) -> 1124533.9 | M13: =Sheet2!E6 -> 1100468.9 | N13: =Sheet2!F6 -> 24065.03
A14: 和股份 | I14: 7 | K14: =SUM(M14:N14) -> 5153714.8 | M14: =SUM(M15:M20) -> 5004236.7 | N14: =SUM(N15:N20) -> 149478.06
A15: 其中 | B15: 换个发货 女女 | I15: 8 | K15: =SUM(M15:N15) -> 0 | M15: =Sheet2!E8 -> 0 | N15: =Sheet2!F8 -> 0
B16: 换个发货 女女 | I16: 9 | K16: =SUM(M16:N16) -> 2386959.7 | M16: =Sheet2!E9 -> 2335878.8 | N16: =Sheet2!F9 -> 51080.94
B17: 换个发货 女女 | I17: 10 | K17: =SUM(M17:N17) -> 0 | M17: =Sheet2!E10 -> 0 | N17: =Sheet2!F10 -> 0
B18: 换个发货 女女 | I18: 11 | K18: =SUM(M18:N18) -> 2766755 | M18: =Sheet2!E12 -> 2707546.4 | N18: =Sheet2!F12 -> 59208.56
B19: 换个发货 女女 | I19: 12 | K19: =SUM(M19:N19) -> 0 | M19: =Sheet2!E13 -> -39188.56 | N19: =Sheet2!F13 -> 39188.56
B20: 换个发货 女女 | I20: 13 | K20: =SUM(M20:N20) -> 0 | M20: =Sheet2!E14 -> 0 | N20: =Sheet2!F14 -> 0
A21: 贵航股份 | I21: 14 | K21: =SUM(M21:N21) -> 0
A22: 规划换个发货个 | I22: 15 | K22: =SUM(M22:N22) -> 627824.87 | M22: =SUM(M23:M24) -> 610470.56 | N22: =SUM(N23:N24) -> 17354.31
A23: 其中 | B23: 利息支出 | I23: 16 | K23: =SUM(M23:N23) -> 0 | N23: =Sheet2!F16 -> 0
B24: 个合法合规 | I24: 17 | K24: =SUM(M24:N24) -> 627824.87 | M24: =Sheet2!E17 -> 610470.56 | N24: =Sheet2!F17 -> 17354.31
A25: 供货方 | I25: 18 | K25: =SUM(M25:N25) -> 8524051 | M25: =SUM(M26:M29) -> 8106799.5 | N25: =SUM(N26:N29) -> 417251.46
A26: 其中 | B26: 女女 | I26: 19 | K26: =SUM(M26:N26) -> 7707666.2 | M26: =Sheet2!E19 -> 7328346.7 | N26: =Sheet2!F19 -> 379319.5
B27: 女女 | I27: 20 | K27: =SUM(M27:N27) -> 409975.81 | M27: =Sheet2!E20 -> 391009.83 | N27: =Sheet2!F20 -> 18965.98
B28: 女女 | I28: 21 | K28: =SUM(M28:N28) -> 245228.69 | M28: =Sheet2!E21 -> 233849.1 | N28: =Sheet2!F21 -> 11379.59
B29: 地方教育附加 | I29: 22 | K29: =SUM(M29:N29) -> 161180.27 | M29: =Sheet2!E22 -> 153593.88 | N29: =Sheet2!F22 -> 7586.39
A30: 供货方帝国的 | I30: 23 | K30: =SUM(M30:N30) -> 1255649.7 | M30: =(M13+M14)*20% -> 1220941.1 | N30: =(N13+N14)*20% -> 34708.618
A31: 供货方帝国的 | I31: 24 | K31: =SUM(M31:N31) -> 1.4761094e+08 | M31: =M8-M12 -> 1.406674e+08 | N31: =N8-N12 -> 6943532.5
A32: 供货方帝国的 | I32: 25 | M32: =M31/M12 -> 8.7681938 | N32: =N31/N12 -> 10.801045
A33: 供货方帝国的 | I33: 26 | M33: 0 | N33: 0.6
A34: 供货方帝国的 | I34: 27 | M34: 0 | N34: 0.35
A35: 供货方帝国的 | I35: 28 | K35: =SUM(M35:N35) -> 3941119.4 | M35: =M31*M33-M12*M34 -> 0 | N35: =N31*N33-N12*N34 -> 3941119.4
A36: 供货方帝国的 | I36: 29 | K36: =SUM(M36:N36) -> 0 | N36: 0
A37: 供货方帝国的 | I37: 30 | K37: =SUM(M37:N37) -> 3021048.4 | M37: =Sheet26!G6-303455.6 -> 2717592.8 | N37: =7586390*0.04 -> 303455.6
A38: 供货方帝国的 | I38: 31 | K38: =SUM(M38:N38) -> 920071.03 | M38: =M35-M36-M37 -> -2717592.8 | N38: =N35-N36-N37 -> 3637663.8

Sheet Sheet2
A1: 高科技个海经过海经过
A2: 看就会立刻就会老客户考虑减
A3: 重复 | C3: 还更丰富 | D3: 防火规范 | E3: 好汉歌 | H3: 规范化就 | I3: 备注
E4: 凤凰阁 | F4: 规范化 | G4: 合计
A5: 1 | C5: 2 | D5: 3 | E5: 4 | F5: 5 | G5: 6=4+5 | H5: 7 | I5: 8
A6: 1、取得土地使用权所支付的金额 | C6: =Sheet3!D6 -> 1124533.9 | D6: =Sheet3!E6 -> 1124533.9 | E6: =Sheet3!F6 -> 1100468.9 | F6: =Sheet3!G6 -> 24065.03 | G6: =E6+F6 -> 1124533.9 | H6: =D6-G6 -> 0 | J6: =D6-G6-H6 -> 0
A7: 2、房地产开发项目 | C7: =C8+C9+C10+C12+C13+C14 -> 5160714.8 | D7: =D8+D9+D10+D12+D13+D14 -> 5153714.8 | E7: =E8+E9+E10+E12+E13+E14 -> 5004236.7 | F7: =F8+F9+F10+F12+F13+F14 -> 149478.06 | G7: =E7+F7 -> 5153714.8 | H7: =D7-G7 -> 0 | J7: =D7-G7-H7 -> 0
A8: 其中 | B8: 土地征用及拆迁补偿费 | C8: =Sheet3!D11 -> 0 | D8: =Sheet3!E11 -> 0 | E8: =Sheet3!F11 -> 0 | F8: =Sheet3!G11 -> 0 | G8: =E8+F8 -> 0 | H8: =D8-G8 -> 0 | J8: =D8-G8-H8 -> 0
B9: 前期工程费 | C9: =Sheet3!D13 -> 2386959.7 | D9: =Sheet3!E13 -> 2386959.7 | E9: =Sheet3!F13 -> 2335878.8 | F9: =Sheet3!G13 -> 51080.94 | G9: =E9+F9 -> 2386959.7 | H9: =D9-G9 -> 0 | J9: =D9-G9-H9 -> 0
B10: 建筑安装工程费 | C10: =Sheet3!D23 -> 0 | D10: =Sheet3!E23 -> 0 | E10: =Sheet3!F23 -> 0 | F10: =Sheet3!G23 -> 0 | G10: =E10+F10 -> 0 | H10: =D10-G10 -> 0 | J10: =D10-G10-H10 -> 0
B11: 其中:家电物品 | G11: =E11+F11 -> 0 | H11: =D11-G11 -> 0 | J11: =D11-G11-H11 -> 0
B12: 基础设施费 | C12: =Sheet3!D29 -> 2773755 | D12: =Sheet3!E29 -> 2766755 | E12: =Sheet3!F29 -> 2707546.4 | F12: =Sheet3!G29 -> 59208.56 | G12: =E12+F12 -> 2766755 | H12: =D12-G12 -> 0 | J12: =D12-G12-H12 -> 0
B13: 公共配套设施费 | C13: =Sheet3!D39 -> 0 | D13: =Sheet3!E39 -> 0 | E13: =Sheet3!F39 -> -39188.56 | F13: =Sheet3!G39 -> 39188.56 | G13: =E13+F13 -> 0 | H13: =D13-G13 -> 0 | J13: =D13-G13-H13 -> 0
B14: 开发间接费用 | C14: =Sheet3!D45 -> 0 | D14: =Sheet3!E45 -> 0 | E14: =Sheet3!F45 -> 0 | F14: =Sheet3!G45 -> 0 | G14: =E14+F14 -> 0 | H14: =D14-G14 -> 0 | J14: =D14-G14-H14 -> 0
A15: 3、房地产开发费用 | C15: =SUM(C16:C17) -> 628524.87 | D15: =SUM(D16:D17) -> 627824.87 | E15: =SUM(E16:E17) -> 610470.56 | F15: =SUM(F16:F17) -> 17354.31 | G15: =E15+F15 -> 627824.87 | H15: =D15-G15 -> 0 | J15: =D15-G15-H15 -> -1.1641532e-10
A16: 其中 | B16: 利息支出 | F16: =D16*0.7598 -> 0 | G16: =E16+F16 -> 0 | H16: =D16-G16 -> 0 | J16: =D16-G16-H16 -> 0
B17: 其他房地产开发费用 | C17: =ROUND((C6+C7)*0.1,2) -> 628524.87 | D17: =ROUND((D6+D7)*0.1,2) -> 627824.87 | E17: =ROUND((E6+E7)*0.1,2) -> 610470.56 | F17: =ROUND((F6+F7)*0.1,2) -> 17354.31 | G17: =E17+F17 -> 627824.87 | H17: =D17-G17 -> 0 | J17: =D17-G17-H17 -> -1.1641532e-10
A18: 4、与转让房地产有关的税金 | C18: =SUM(C19:C22) -> 8524051 | D18: =SUM(D19:D22) -> 8524051 | E18: =SUM(E19:E22) -> 8106799.5 | F18: =SUM(F19:F22) -> 417251.46 | G18: =E18+F18 -> 8524051 | H18: =D18-G18 -> 0 | J18: =D18-G18-H18 -> -1.8626451e-09
A19: 其中 | B19: 营业税 | C19: 7707666.2 | D19: =Sheet25!G6 -> 7707666.2 | E19: =7274667.6+53679.1 -> 7328346.7 | F19: 379319.5 | G19: =E19+F19 -> 7707666.2 | H19: =D19-G19 -> 0 | J19: =D19-G19-H19 -> -1.8626451e-09
B20: 城市维护建设费 | C20: 409975.81 | D20: =Sheet25!H6 -> 409975.81 | E20: =366812.82+22032.72+2164.29 -> 391009.83 | F20: =18965.98 -> 18965.98 | G20: =E20+F20 -> 409975.81 | H20: =D20-G20 -> 0 | J20: =D20-G20-H20 -> -1.7462298e-10
B21: 教育费附加 | C21: 245228.69 | D21: =Sheet25!I6 -> 245228.69 | E21: =219330.9+13219.63+1298.57 -> 233849.1 | F21: =11379.59 -> 11379.59 | G21: =E21+F21 -> 245228.69 | H21: =D21-G21 -> 0 | J21: =D21-G21-H21 -> 0
B22: 地方教育费附加 | C22: 161180.27 | D22: =Sheet25!J6 -> 161180.27 | E22: =143915.06+8813.1+865.72 -> 153593.88 | F22: =7586.39 -> 7586.39 | G22: =E22+F22 -> 161180.27 | H22: =D22-G22 -> 0 | J22: =D22-G22-H22 -> -8.7311491e-11
A23: 5、财政部规定的加计20%扣除数 | C23: =ROUND((C6+C7)*0.2,2) -> 1257049.7 | D23: =ROUND((D6+D7)*0.2,2) -> 1255649.7 | E23: =ROUND((E6+E7)*0.2,2) -> 1220941.1 | F23: =ROUND((F6+F7)*0.2,2) -> 34708.62 | G23: =E23+F23 -> 1255649.7 | H23: =D23-G23 -> 0 | J23: =D23-G23-H23 -> -2.3283064e-10
A24: 合计 | C24: =C6+C7+C15+C18+C23 -> 16694874 | D24: =D6+D7+D15+D18+D23 -> 16685774 | E24: =E6+E7+E15+E18+E23 -> 16042917 | F24: =F6+F7+F15+F18+F23 -> 642857.48 | G24: =E24+F24 -> 16685774 | H24: =H6+H7+H15+H18+H23 -> 0 | J24: =D24-G24-H24 -> -5.5879354e-09

Sheet Sheet3
A1: hkjhlkhklj分配表
A2: =Sheet2!A2 -> 看就会立刻就会老客户考虑减 | J2: 金额单位：元
A3: 级次 | B3: 很快就后 | C3: 看见好看 | D3: 空军航空就 | E3: 夹河口 | F3: 开了开了就 | I3: 换个发货 | J3: 很过分换个
F4: 凤凰阁 | G4: 规划 | H4: 合计
C5: 1 | D5: 2 | E5: 3 | F5: 4 | G5: 5 | H5: 6 | I5: 7 | J5: 8
A6: 1 | B6: 一 | C6: 交换空间 | D6: =SUM(D7:D10) -> 1124533.9 | E6: =SUM(E7:E10) -> 1124533.9 | F6: =SUM(F7:F10) -> 1100468.9 | G6: =SUM(G7:G10) -> 24065.03 | H6: =SUM(H7:H10) -> 1124533.9 | I6: =SUM(I7:I10) -> 0
A7: 2 | B7: 1 | C7: 支付的土地出让金 | D7: =Sheet7!K5 -> 1124533.9 | E7: =Sheet7!M5 -> 1124533.9 | F7: =ROUND(E7*F$56,2) -> 1100468.9 | G7: =ROUND(E7*G$56,2) -> 24065.03 | H7: =F7+G7 -> 1124533.9 | I7: =E7-H7 -> 0
A8: 2 | B8: 2 | C8: 支付地价款金额 | H8: =F8+G8 -> 0 | I8: =E8-H8 -> 0
A9: 2 | B9: 3 | C9: 交纳的有关税费 | G9: =E9*0.8883*0.8833 -> 0 | H9: =F9+G9 -> 0 | I9: =E9-H9 -> 0
A10: 2 | B10: 4 | C10: 市政配套费 | D10: 0 | H10: =F10+G10 -> 0 | I10: =E10-H10 -> 0
A11: 1 | B11: 二 | C11: 土地征用及拆迁补偿费 | D11: =D12 -> 0 | E11: =E12 -> 0 | F11: =F12 -> 0 | G11: =G12 -> 0 | H11: =H12 -> 0 | I11: =I12 -> 0
A12: 2 | B12: 1 | C12: 地上地下附着物拆迁补偿净支出
A13: 1 | B13: 三 | C13: 前期工程费 | D13: =SUM(D14:D22) -> 2386959.7 | E13: =SUM(E14:E22) -> 2386959.7 | F13: =SUM(F14:F22) -> 2335878.8 | G13: =SUM(G14:G22) -> 51080.94 | H13: =SUM(H14:H22) -> 2386959.7 | I13: =SUM(I14:I22) -> 0
A14: 2 | B14: 1 | C14: 规划费用 | D14: =SUMIF(Sheet10!$B$6:$B$30,Sheet3!$C14,Sheet10!K$6:K$30) -> 1635607.1 | E14: =SUMIF(Sheet10!$B$6:$B$30,Sheet3!$C14,Sheet10!M$6:M$30) -> 1635607.1 | F14: =ROUND(E14*F$56,2) -> 1600605.1 | G14: =ROUND(E14*G$56,2) -> 35001.99 | H14: =F14+G14 -> 1635607.1 | I14: =E14-H14 -> 0
A15: 2 | B15: 2 | C15: 设计费用 | D15: =SUMIF(Sheet10!$B$6:$B$30,Sheet3!$C15,Sheet10!K$6:K$30) -> 664187.29 | E15: =SUMIF(Sheet10!$B$6:$B$30,Sheet3!$C15,Sheet10!M$6:M$30) -> 664187.29 | F15: =ROUND(E15*F$56,2) -> 649973.68 | G15: =ROUND(E15*G$56,2) -> 14213.61 | H15: =F15+G15 -> 664187.29 | I15: =E15-H15 -> 0
A16: 2 | B16: 3 | C16: 项目可行性研究费用 | D16: =SUMIF(Sheet10!$B$6:$B$30,Sheet3!$C16,Sheet10!K$6:K$30) -> 0 | E16: =SUMIF(Sheet10!$B$6:$B$30,Sheet3!$C16,Sheet10!M$6:M$30) -> 0 | F16: =E16*$F$56 -> 0 | G16: =E16*$G$56 -> 0 | H16: =F16+G16 -> 0 | I16: =E16-H16 -> 0
A17: 2 | B17: 4 | C17: 水文费用 | D17: =SUMIF(Sheet10!$B$6:$B$30,Sheet3!$C17,Sheet10!K$6:K$30) -> 0 | E17: =SUMIF(Sheet10!$B$6:$B$30,Sheet3!$C17,Sheet10!M$6:M$30) -> 0 | F17: =E17*$F$56 -> 0 | G17: =E17*$G$56 -> 0 | H17: =F17+G17 -> 0 | I17: =E17-H17 -> 0
A18: 2 | B18: 5 | C18: 地质费用 | D18: =SUMIF(Sheet10!$B$6:$B$30,Sheet3!$C18,Sheet10!K$6:K$30) -> 0 | E18: =SUMIF(Sheet10!$B$6:$B$30,Sheet3!$C18,Sheet10!M$6:M$30) -> 0 | F18: =E18*$F$56 -> 0 | G18: =E18*$G$56 -> 0 | H18: =F18+G18 -> 0 | I18: =E18-H18 -> 0
A19: 2 | B19: 6 | C19: 勘探费用 | D19: =SUMIF(Sheet10!$B$6:$B$30,Sheet3!$C19,Sheet10!K$6:K$30) -> 4200 | E19: =SUMIF(Sheet10!$B$6:$B$30,Sheet3!$C19,Sheet10!M$6:M$30) -> 4200 | F19: =ROUND(E19*F$56,2) -> 4110.12 | G19: =ROUND(E19*G$56,2) -> 89.88 | H19: =F19+G19 -> 4200 | I19: =E19-H19 -> 0
A20: 2 | B20: 7 | C20: 测绘费用 | D20: =SUMIF(Sheet10!$B$6:$B$30,Sheet3!$C20,Sheet10!K$6:K$30) -> 82965.37 | E20: =SUMIF(Sheet10!$B$6:$B$30,Sheet3!$C20,Sheet10!M$6:M$30) -> 82965.37 | F20: =ROUND(E20*F$56,2) -> 81189.91 | G20: =ROUND(E20*G$56,2) -> 1775.46 | H20: =F20+G20 -> 82965.37 | I20: =E20-H20 -> 0
A21: 2 | B21: 8 | C21: 七通一平支出 | D21: =SUMIF(Sheet10!$B$6:$B$30,Sheet3!$C21,Sheet10!K$6:K$30) -> 0 | E21: =SUMIF(Sheet10!$B$6:$B$30,Sheet3!$C21,Sheet10!M$6:M$30) -> 0 | F21: =E21*$F$56 -> 0 | G21: =E21*$G$56 -> 0 | H21: =F21+G21 -> 0 | I21: =E21-H21 -> 0
A22: 2 | B22: 9 | C22: 其他前期工程费 | D22: =SUMIF(Sheet10!$B$6:$B$30,Sheet3!$C22,Sheet10!K$6:K$30) -> 0 | E22: =SUMIF(Sheet10!$B$6:$B$30,Sheet3!$C22,Sheet10!M$6:M$30) -> 0 | G22: =E22*$G$56 -> 0 | H22: =F22+G22 -> 0 | I22: =E22-H22 -> 0
A23: 1 | B23: 四 | C23: 好久了 | D23: =SUM(D24:D28) -> 0 | E23: =SUM(E24:E28) -> 0 | F23: =SUM(F24:F28) -> 0 | G23: =SUM(G24:G28) -> 0 | H23: =SUM(H24:H28) -> 0 | I23: =E23-H23 -> 0
A24: 2 | B24: 1 | C24: 好久了 | D24: =SUMIF(Sheet12!$B$6:$B87,Sheet3!$C24,Sheet12!K$6:K$87) -> 0 | E24: =SUMIF(Sheet12!$B$6:$B87,Sheet3!$C24,Sheet12!M$6:M$87) -> 0 | F24: =ROUND(E24*F$56,2) -> 0 | G24: =ROUND(E24*G$56,2) -> 0 | H24: =F24+G24 -> 0 | I24: =E24-H24 -> 0
A25: 2 | B25: 2 | C25: 好久了 | D25: =SUMIF(Sheet12!$B$6:$B88,Sheet3!$C25,Sheet12!K$6:K$87) -> 0 | E25: =SUMIF(Sheet12!$B$6:$B88,Sheet3!$C25,Sheet12!M$6:M$87) -> 0 | F25: =ROUND(E25*F$56,2) -> 0 | G25: =ROUND(E25*G$56,2) -> 0 | H25: =F25+G25 -> 0 | I25: =E25-H25 -> 0
A26: 2 | B26: 3 | C26: 好久了 | D26: =SUMIF(Sheet12!$B$6:$B89,Sheet3!$C26,Sheet12!K$6:K$87) -> 0 | E26: =SUMIF(Sheet12!$B$6:$B89,Sheet3!$C26,Sheet12!M$6:M$87) -> 0 | H26: =F26+G26 -> 0 | I26: =E26-H26 -> 0
A27: 2 | B27: 4 | C27: 好久了 | D27: =SUMIF(Sheet12!$B$6:$B90,Sheet3!$C27,Sheet12!K$6:K$87) -> 0 | E27: =SUMIF(Sheet12!$B$6:$B90,Sheet3!$C27,Sheet12!M$6:M$87) -> 0 | H27: =F27+G27 -> 0 | I27: =E27-H27 -> 0
A28: 2 | B28: 5 | C28: 好久了 | D28: =SUMIF(Sheet12!$B$6:$B91,Sheet3!$C28,Sheet12!K$6:K$87) -> 0 | E28: =SUMIF(Sheet12!$B$6:$B91,Sheet3!$C28,Sheet12!M$6:M$87) -> 0 | F28: =E28*1 -> 0 | H28: =F28+G28 -> 0 | I28: =E28-H28 -> 0
A29: 1 | B29: 五 | C29: 好久了 | D29: =SUM(D30:D38) -> 2773755 | E29: =SUM(E30:E38) -> 2766755 | F29: =SUM(F30:F38) -> 2707546.4 | G29: =SUM(G30:G38) -> 59208.56 | H29: =SUM(H30:H38) -> 2766755 | I29: =SUM(I30:I38) -> 0
A30: 2 | B30: 1 | C30: 好久了 | G30: =E30*$G$56 -> 0 | H30: =F30+G30 -> 0 | I30: =E30-H30 -> 0
A31: 2 | B31: 2 | C31: 好久了 | D31: 145314.37 | E31: 145314.37 | F31: =ROUND(E31*F$56,2) -> 142204.64 | G31: =ROUND(E31*G$56,2) -> 3109.73 | H31: =F31+G31 -> 145314.37 | I31: =E31-H31 -> 0
A32: 2 | B32: 3 | C32: 好久了 | D32: 1684125.2 | E32: 1684125.2 | F32: =ROUND(E32*F$56,2) -> 1648084.9 | G32: =ROUND(E32*G$56,2) -> 36040.28 | H32: =F32+G32 -> 1684125.2 | I32: =E32-H32 -> 0
A33: 2 | B33: 4 | C33: 好久了 | E33: 0 | H33: =F33+G33 -> 0 | I33: =E33-H33 -> 0
A34: 2 | B34: 5 | C34: 好久了 | E34: 0 | H34: =F34+G34 -> 0 | I34: =E34-H34 -> 0
A35: 2 | B35: 6 | C35: 好久了 | E35: 0 | H35: =F35+G35 -> 0 | I35: =E35-H35 -> 0
A36: 2 | B36: 7 | C36: 好久了 | D36: 123300 | E36: 123300 | F36: =ROUND(E36*F$56,2) -> 120661.38 | G36: =ROUND(E36*G$56,2) -> 2638.62 | H36: =F36+G36 -> 123300 | I36: =E36-H36 -> 0
A37: 2 | B37: 8 | C37: 好久了 | H37: =F37+G37 -> 0 | I37: =E37-H37 -> 0
A38: 2 | B38: 9 | C38: 好久了 | D38: 821015.45 | E38: =821015.45-7000 -> 814015.45 | F38: =ROUND(E38*F$56,2) -> 796595.52 | G38: =ROUND(E38*G$56,2) -> 17419.93 | H38: =F38+G38 -> 814015.45 | I38: =E38-H38 -> 0
A39: 1 | B39: 六 | C39: 好久了 | D39: =SUM(D40:D44) -> 0 | E39: =SUM(E40:E44) -> 0 | F39: =SUM(F40:F44) -> -39188.56 | G39: =SUM(G40:G44) -> 39188.56 | H39: =SUM(H40:H44) -> 0 | I39: =SUM(I40:I44) -> 0
A40: 2 | B40: 1 | C40: 好久了 | D40: =SUMIF(Sheet16!$B$6:$B$15,Sheet3!$C40,Sheet16!K$6:K$15) -> 0 | E40: =SUMIF(Sheet16!$B$6:$B$9,Sheet3!$C40,Sheet16!M$6:M$9) -> 0
A41: 2 | B41: 2 | C41: 好久了 | D41: =SUMIF(Sheet16!$B$6:$B$15,Sheet3!$C41,Sheet16!K$6:K$15) -> 0 | E41: =SUMIF(Sheet16!$B$6:$B$9,Sheet3!$C41,Sheet16!M$6:M$9) -> 0 | F41: =ROUND(E41*F$56,2) -> 0 | G41: =ROUND(E41*G$56,2) -> 0 | H41: =F41+G41 -> 0 | I41: =E41-H41 -> 0
A42: 2 | B42: 3 | C42: 好久了 | D42: =SUMIF(Sheet16!$B$6:$B$15,Sheet3!$C42,Sheet16!K$6:K$15) -> 0 | E42: =SUMIF(Sheet16!$B$6:$B$9,Sheet3!$C42,Sheet16!M$6:M$9) -> 0 | F42: =ROUND(E42*F$56,2) -> 0 | G42: =ROUND(E42*G$56,2) -> 0 | H42: =F42+G42 -> 0 | I42: =E42-H42 -> 0
A43: 2 | B43: 4 | C43: 好久了 | D43: =SUMIF(Sheet16!$B$6:$B$15,Sheet3!$C43,Sheet16!K$6:K$15) -> 0 | E43: =SUMIF(Sheet16!$B$6:$B$9,Sheet3!$C43,Sheet16!M$6:M$9)-40045.53 -> -40045.53 | F43: =ROUND(E43*F$56,2) -> -39188.56 | G43: =ROUND(E43*G$56,2) -> -856.97 | H43: =F43+G43 -> -40045.53 | I43: =E43-H43 -> 0
A44: 2 | B44: 5 | C44: 好久了 | E44: 40045.53 | G44: 40045.53 | H44: =F44+G44 -> 40045.53 | I44: =E44-H44 -> 0 | J44: 商铺单独成本
A45: 1 | B45: 七 | C45: 好久了 | D45: =SUM(D46:D52) -> 0 | E45: =SUM(E46:E52) -> 0 | F45: =SUM(F46:F52) -> 0 | G45: =SUM(G46:G52) -> 0 | H45: =SUM(H46:H52) -> 0 | I45: =SUM(I46:I52) -> 0
A46: 2 | B46: 1 | C46: 好久了 | D46: =SUMIF(Sheet22!$B$6:$B$100,Sheet3!$C46,Sheet22!K$6:K$100) -> 0 | E46: =SUMIF(Sheet22!$B$6:$B$100,Sheet3!$C46,Sheet22!M$6:M$100) -> 0 | F46: =ROUND(E46*F$56,2) -> 0 | G46: =ROUND(E46*G$56,2) -> 0 | H46: =F46+G46 -> 0 | I46: =E46-H46 -> 0
A47: 2 | B47: 2 | C47: 好久了 | D47: =SUMIF(Sheet22!$B$6:$B$100,Sheet3!$C47,Sheet22!K$6:K$100) -> 0 | E47: =SUMIF(Sheet22!$B$6:$B$100,Sheet3!$C47,Sheet22!M$6:M$100) -> 0 | F47: =ROUND(E47*F$56,2) -> 0 | G47: =ROUND(E47*G$56,2) -> 0 | H47: =F47+G47 -> 0 | I47: =E47-H47 -> 0
A48: 2 | B48: 3 | C48: 好久了 | D48: =SUMIF(Sheet22!$B$6:$B$100,Sheet3!$C48,Sheet22!K$6:K$100) -> 0 | E48: =SUMIF(Sheet22!$B$6:$B$100,Sheet3!$C48,Sheet22!M$6:M$100) -> 0 | H48: =F48+G48 -> 0 | I48: =E48-H48 -> 0
A49: 2 | B49: 4 | C49: 好久了 | D49: =SUMIF(Sheet22!$B$6:$B$100,Sheet3!$C49,Sheet22!K$6:K$100) -> 0 | E49: =SUMIF(Sheet22!$B$6:$B$100,Sheet3!$C49,Sheet22!M$6:M$100) -> 0 | H49: =F49+G49 -> 0 | I49: =E49-H49 -> 0
A50: 2 | B50: 5 | C50: 好久了 | D50: =SUMIF(Sheet22!$B$6:$B$100,Sheet3!$C50,Sheet22!K$6:K$100) -> 0 | E50: =SUMIF(Sheet22!$B$6:$B$100,Sheet3!$C50,Sheet22!M$6:M$100) -> 0 | H50: =F50+G50 -> 0 | I50: =E50-H50 -> 0
A51: 2 | B51: 6 | C51: 好久了 | D51: =SUMIF(Sheet22!$B$6:$B$100,Sheet3!$C51,Sheet22!K$6:K$100) -> 0 | E51: =SUMIF(Sheet22!$B$6:$B$100,Sheet3!$C51,Sheet22!M$6:M$100) -> 0 | F51: =ROUND(E51*F$56,2) -> 0 | G51: =ROUND(E51*G$56,2) -> 0 | H51: =F51+G51 -> 0 | I51: =E51-H51 -> 0
A52: 2 | B52: 7 | C52: 好久了 | D52: =SUMIF(Sheet22!$B$6:$B$100,Sheet3!$C52,Sheet22!K$6:K$100) -> 0 | E52: =SUMIF(Sheet22!$B$6:$B$100,Sheet3!$C52,Sheet22!M$6:M$100) -> 0 | F52: =ROUND(E52*F$56,2) -> 0 | G52: =ROUND(E52*G$56,2) -> 0 | H52: =F52+G52 -> 0 | I52: =E52-H52 -> 0
A53: 1 | B53: 国际化 | D53: =D45+D39+D29+D23+D13+D11+D6 -> 6285248.7 | E53: =E45+E39+E29+E23+E13+E11+E6 -> 6278248.7 | F53: =F45+F39+F29+F23+F13+F11+F6 -> 6104705.6 | G53: =G45+G39+G29+G23+G13+G11+G6 -> 173543.09 | H53: =H45+H39+H29+H23+H13+H11+H6 -> 6278248.7 | I53: =I45+I39+I29+I23+I13+I11+I6 -> 0
A54: 2 | B54: 国际化 | D54: 32644.1
A55: 2 | B55: 国际化 | H55: =F55+G55 -> 0
A56: 2 | B56: 国际化 | D56: 1 | F56: 0.9786 | G56: 0.0214 | H56: =F56+G56 -> 1
A57: 2 | B57: 国际化 | D57: =D53/D54 -> 192.53858 | E57: =E53/D54 -> 192.32415
D63: =D53-D6 -> 5160714.8 | E63: =E53-E6 -> 5153714.8 | F63: =F53-F6 -> 5004236.7 | G63: =G53-G6 -> 149478.06
E66: =D63-E63 -> 7000

Sheet Sheet4
A1: 空间和刻录机和
A2: =Sheet2!A2 -> 看就会立刻就会老客户考虑减 | Q2: 单位：平方米
A3: 序号 | B3: 结核杆菌 | C3: 交换机 | D3: 总建筑面积 | E3: 海仿古还原 | F3: 就换过就换过 | G3: 可交换机 | J3: 好几个 | K3: 已销售面积占可售面积比例 | N3: 好几个几乎 | O3: 已售套数 | R3: xsgf | S3: 备注
G4: 讲话稿 | H4: 讲话稿 | I4: 小计 | K4: 讲话稿 | L4: 非普通住宅 | M4: 讲话稿 | O4: 好几个 | P4: 好几个 | Q4: .;理解
B5: 合计 | D5: =SUM(D6:D10) -> 32644.1 | E5: =SUM(E6:E10) -> 0 | F5: =SUM(F6:F10) -> 32644.1 | G5: =SUM(G6:G10) -> 31946.76 | H5: =SUM(H6:H10) -> 697.34 | I5: =SUM(I6:I10) -> 32644.1 | J5: =SUM(J6:J10) -> 0 | K5: =IF(F5=0,0,G5/D5) -> 0.9786381 | L5: =IF(F5=0,0,H5/F5) -> 0.0213619 | M5: =K5+L5 -> 1 | N5: =SUM(N6:N10) -> 398 | O5: =SUM(O6:O10) -> 388 | P5: =SUM(P6:P10) -> 10 | Q5: =SUM(Q6:Q10) -> 398 | R5: =SUM(R6:R10) -> 0
A6: 1 | B6: 9# | D6: 8287.01 | F6: 8287.01 | G6: 8287.01 | I6: =G6+H6 -> 8287.01 | J6: =F6-I6 -> 0 | K6: =IF(F6=0,0,G6/D6) -> 1 | L6: =IF(F6=0,0,H6/F6) -> 0 | M6: =K6+L6 -> 1 | N6: 130 | O6: 130 | Q6: =O6+P6 -> 130 | R6: =N6-Q6 -> 0 | S6: gkjg
A7: 2 | B7: 10# | D7: 5187 | F7: 5187 | G7: 5187 | I7: =G7+H7 -> 5187 | J7: =F7-I7 -> 0 | K7: =IF(F7=0,0,G7/D7) -> 1 | L7: =IF(F7=0,0,H7/F7) -> 0 | M7: =K7+L7 -> 1 | N7: 42 | O7: 42 | Q7: =O7+P7 -> 42 | R7: 0 | S7: ggkjgh
A8: 3 | B8: 11# | D8: 11296.63 | F8: 11296.63 | G8: 11296.63 | I8: =G8+H8 -> 11296.63 | J8: =F8-I8 -> 0 | K8: =IF(F8=0,0,G8/D8) -> 1 | L8: =IF(F8=0,0,H8/F8) -> 0 | M8: =K8+L8 -> 1 | N8: 132 | O8: 132 | Q8: =O8+P8 -> 132 | R8: 0
A9: 4 | B9: 12# | D9: 7176.12 | F9: 7176.12 | G9: 7176.12 | I9: =G9+H9 -> 7176.12 | J9: =F9-I9 -> 0 | K9: =IF(F9=0,0,G9/D9) -> 1 | L9: =IF(F9=0,0,H9/F9) -> 0 | M9: =K9+L9 -> 1 | N9: 84 | O9: 84 | Q9: =O9+P9 -> 84 | R9: 0
A10: 5 | B10: 商铺 | D10: 697.34 | F10: 697.34 | H10: 697.34 | I10: =G10+H10 -> 697.34 | J10: =F10-I10 -> 0 | K10: =IF(F10=0,0,G10/D10) -> 0 | L10: =IF(F10=0,0,H10/F10) -> 1 | M10: =K10+L10 -> 1 | N10: 10 | P10: 10 | Q10: =O10+P10 -> 10 | R10: =N10-Q10 -> 0
D14: =D10/D5 -> 0.0213619

Sheet Sheet5
A1: 高科技高科技
A2: =Sheet2!A2 -> 看就会立刻就会老客户考虑减 | N2: 金额单位：元
A3: 好几个客家话 | B3: 好几个客家话个 | C3: 企业申报情况 | J3: 个海口经过 | L3: 华工科技感觉和 | M3: 华工科技 | P3: 高科技韩国
C4: 激活工具和 | E4: 钢结构 | F4: 赶紧回国 | G4: 哥看见过 | H4: 计划给好几个 | I4: 了看见了看见 | J4: 哥看见过 | K4: 控件会高合金钢 | M4: 好几个客家话个 | N4: 就换过可劲花个 | O4: 激活工具和
C5: 好几个客家话 | D5: 高科技韩国
A6: 1 | B6: 2 | C6: 3 | D6: 4 | E6: 5 | F6: 6 | G6: 7 | H6: 8=6/4 | I6: 9 | J6: 10 | K6: 11 | L6: 12 | M6: 15=11 | N6: 16 | O6: 17 | P6: 18=16-6
B7: 合计 | C7: =SUM(C8:C405) -> 0 | D7: =SUM(D8:D405) -> 32524.06 | E7: =SUM(E8:E405) -> 0 | F7: =SUM(F8:F405) -> 1.6429671e+08 | H7: =AVERAGE(H8:H405) -> 5062.2516 | J7: =SUM(J8:J405) -> 27484.3 | K7: =SUM(K8:K405) -> 32644.52 | L7: =SUM(L8:L405) -> 1.6179214e+08 | M7: =SUM(M8:M405) -> 32644.52 | N7: =SUM(N8:N405) -> 1.6429671e+08 | O7: =SUM(O8:O405) -> 0 | P7: =SUM(P8:P405) -> 0
D8: 70.48 | F8: 298872 | G8: 40393 | H8: =F8/K8 -> 4279.9943 | I8: （其他方式）银行按揭 | J8: 57.61 | K8: 69.83 | L8: 298872 | M8: =K8 -> 69.83 | N8: =L8 -> 298872 | P8: =N8-F8 -> 0 | Q8: =IF(H8-3544.48<0,H8,0) -> 0
D9: 70.48 | F9: 389651 | G9: 40389 | H9: =F9/K9 -> 5579.9943 | I9: 分期付款 | J9: 57.61 | K9: 69.83 | L9: 389651 | M9: =K9 -> 69.83 | N9: =L9 -> 389651 | P9: =N9-F9 -> 0 | Q9: =IF(H9-3544.48<0,H9,0) -> 0
D10: 70.48 | F10: 268147 | G10: 40375 | H10: =F10/K10 -> 3839.9971 | I10: 一次性付款 | J10: 57.61 | K10: 69.83 | L10: 268147 | M10: =K10 -> 69.83 | N10: =L10 -> 268147 | P10: =N10-F10 -> 0 | Q10: =IF(H10-3544.48<0,H10,0) -> 0
D11: 69.83 | F11: 366608 | G11: 41061 | H11: =F11/K11 -> 5250.0072 | I11: 一次性付款 | J11: 57.61 | K11: 69.83 | L11: 366608 | M11: =K11 -> 69.83 | N11: =L11 -> 366608 | P11: =N11-F11 -> 0 | Q11: =IF(H11-3544.48<0,H11,0) -> 0
D12: 70.48 | F12: 272337 | G12: 40392 | H12: =F12/K12 -> 3900 | I12: 一次性付款 | J12: 57.61 | K12: 69.83 | L12: 272337 | M12: =K12 -> 69.83 | N12: =L12 -> 272337 | P12: =N12-F12 -> 0 | Q12: =IF(H12-3544.48<0,H12,0) -> 0
D13: 70.48 | F13: 333787 | G13: 40479 | H13: =F13/K13 -> 4779.9943 | I13: （其他方式）银行按揭 | J13: 57.61 | K13: 69.83 | L13: 333787 | M13: =K13 -> 69.83 | N13: =L13 -> 333787 | P13: =N13-F13 -> 0 | Q13: =IF(H13-3544.48<0,H13,0) -> 0
D14: 70.48 | F14: 276038 | G14: 40389 | H14: =F14/K14 -> 3953.0001 | I14: 一次性付款 | J14: 57.61 | K14: 69.83 | L14: 276038 | M14: =K14 -> 69.83 | N14: =L14 -> 276038 | P14: =N14-F14 -> 0 | Q14: =IF(H14-3544.48<0,H14,0) -> 0
D15: 70.48 | F15: 347753 | G15: 40382 | H15: =F15/K15 -> 4979.9943 | I15: 一次性付款 | J15: 57.61 | K15: 69.83 | L15: 347753 | M15: =K15 -> 69.83 | N15: =L15 -> 347753 | P15: =N15-F15 -> 0 | Q15: =IF(H15-3544.48<0,H15,0) -> 0
D16: 70.48 | F16: 445515 | G16: 40548 | H16: =F16/K16 -> 6379.9943 | I16: 一次性付款 | J16: 57.61 | K16: 69.83 | L16: 445515 | M16: =K16 -> 69.83 | N16: =L16 -> 445515 | P16: =N16-F16 -> 0 | Q16: =IF(H16-3544.48<0,H16,0) -> 0
D17: 70.48 | F17: 449006 | G17: 40548 | H17: =F17/K17 -> 6429.9871 | I17: 一次性付款 | J17: 57.61 | K17: 69.83 | L17: 449006 | M17: =K17 -> 69.83 | N17: =L17 -> 449006 | P17: =N17-F17 -> 0 | Q17: =IF(H17-3544.48<0,H17,0) -> 0
D18: 69.83 | F18: 425055 | G18: 40801 | H18: =F18/K18 -> 6086.997 | I18: 一次性付款 | J18: 57.61 | K18: 69.83 | L18: 425055 | M18: =K18 -> 69.83 | N18: =L18 -> 425055 | P18: =N18-F18 -> 0 | Q18: =IF(H18-3544.48<0,H18,0) -> 0
D19: 70.48 | F19: 424566 | G19: 40382 | H19: =F19/K19 -> 6079.9943 | I19: 分期付款 | J19: 57.61 | K19: 69.83 | L19: 424566 | M19: =K19 -> 69.83 | N19: =L19 -> 424566 | P19: =N19-F19 -> 0 | Q19: =IF(H19-3544.48<0,H19,0) -> 0
... D33: 57.48 | F33: 344478 | G33: 40686 | H33: =F33/K33 -> 5993.0063 | I33: 分期付款 | J33: 47.42 | K33: 57.48 | L33: 344478 | M33: =K33 -> 57.48 | N33: =L33 -> 344478 | P33: =N33-F33 -> 0 | Q33: =IF(H33-3544.48<0,H33,0) -> 0
D34: 57.57 | F34: 367987 | G34: 40556 | H34: =F34/K34 -> 6402.0007 | J34: 47.42 | K34: 57.48 | L34: 367987 | M34: =K34 -> 57.48 | N34: =L34 -> 367987 | P34: =N34-F34 -> 0 | Q34: =IF(H34-3544.48<0,H34,0) -> 0
D35: 57.57 | F35: 282227 | G35: 40382 | H35: =F35/K35 -> 4910.0035 | I35: 一次性付款 | J35: 47.42 | K35: 57.48 | L35: 282227 | M35: =K35 -> 57.48 | N35: =L35 -> 282227 | P35: =N35-F35 -> 0 | Q35: =IF(H35-3544.48<0,H35,0) -> 0
D36: 57.57 | F36: 377184 | G36: 40553 | H36: =F36/K36 -> 6562.0042 | I36: 分期付款 | J36: 47.42 | K36: 57.48 | L36: 377184 | M36: =K36 -> 57.48 | N36: =L36 -> 377184 | P36: =N36-F36 -> 0 | Q36: =IF(H36-3544.48<0,H36,0) -> 0
D37: 57.48 | F37: 332292 | G37: 41019 | H37: =F37/K37 -> 5781.0021 | I37: 一次性付款 | J37: 47.42 | K37: 57.48 | L37: 332292 | M37: =K37 -> 57.48 | N37: =L37 -> 332292 | P37: =N37-F37 -> 0 | Q37: =IF(H37-3544.48<0,H37,0) -> 0
D38: 57.48 | F38: 349881 | G38: 40801 | H38: =F38/K38 -> 6087.0042 | J38: 47.42 | K38: 57.48 | L38: 349881 | M38: =K38 -> 57.48 | N38: =L38 -> 349881 | P38: =N38-F38 -> 0 | Q38: =IF(H38-3544.48<0,H38,0) -> 0
D39: 57.57 | F39: 246015 | G39: 40382 | H39: =F39/K39 -> 4280.0104 | I39: 分期付款 | J39: 47.42 | K39: 57.48 | L39: 221760 | M39: =K39 -> 57.48 | N39: 246015 | P39: =N39-F39 -> 0 | Q39: =IF(H39-3544.48<0,H39,0) -> 0
D40: 57.57 | F40: 211296 | G40: 40387 | H40: =F40/K40 -> 3675.9916 | I40: 一次性付款 | J40: 47.42 | K40: 57.48 | L40: 211296 | M40: =K40 -> 57.48 | N40: =L40 -> 211296 | P40: =N40-F40 -> 0 | Q40: =IF(H40-3544.48<0,H40,0) -> 0
D41: 57.48 | F41: 266477 | G41: 41229 | H41: =F41/K41 -> 4635.9951 | I41: 分期付款 | J41: 47.42 | K41: 57.48 | L41: 266477 | M41: =K41 -> 57.48 | N41: =L41 -> 266477 | P41: =N41-F41 -> 0 | Q41: =IF(H41-3544.48<0,H41,0) -> 0
D42: 57.57 | F42: 223597 | G42: 40383 | H42: =F42/K42 -> 3889.9965 | I42: 一次性付款 | J42: 47.42 | K42: 57.48 | L42: 223597 | M42: =K42 -> 57.48 | N42: =L42 -> 223597 | P42: =N42-F42 -> 0 | Q42: =IF(H42-3544.48<0,H42,0) -> 0
D43: 57.57 | F43: 266707 | G43: 40392 | H43: =F43/K43 -> 4639.9965 | I43: 分期付款 | J43: 47.42 | K43: 57.48 | L43: 266707 | M43: =K43 -> 57.48 | N43: =L43 -> 266707 | P43: =N43-F43 -> 0 | Q43: =IF(H43-3544.48<0,H43,0) -> 0
D44: 57.57 | F44: 227391 | G44: 40382 | H44: =F44/K44 -> 3956.0021 | I44: 一次性付款 | J44: 47.42 | K44: 57.48 | L44: 227391 | M44: =K44 -> 57.48 | N44: =L44 -> 227391 | P44: =N44-F44 -> 0 | Q44: =IF(H44-3544.48<0,H44,0) -> 0
D45: 57.48 | F45: 322980 | G45: 41025 | H45: =F45/K45 -> 5618.9979 | I45: 一次性付款 | J45: 47.42 | K45: 57.48 | L45: 322980 | M45: =K45 -> 57.48 | N45: =L45 -> 322980 | P45: =N45-F45 -> 0 | Q45: =IF(H45-3544.48<0,H45,0) -> 0
D46: 57.48 | F46: 319991 | G46: 41119 | H46: =F46/K46 -> 5566.9972 | I46: 一次性付款 | J46: 47.42 | K46: 57.48 | L46: 319991 | M46: =K46 -> 57.48 | N46: =L46 -> 319991 | P46: =N46-F46 -> 0 | Q46: =IF(H46-3544.48<0,H46,0) -> 0
D47: 57.48 | F47: 324015 | G47: 41119 | H47: =F47/K47 -> 5637.0042 | I47: 一次性付款 | J47: 47.42 | K47: 57.48 | L47: 324015 | M47: =K47 -> 57.48 | N47: =L47 -> 324015 | P47: =N47-F47 -> 0 | Q47: =IF(H47-3544.48<0,H47,0) -> 0
D48: 57.48 | F48: 348271 | G48: 41351 | H48: =F48/K48 -> 6058.9944 | I48: 一次性付款 | J48: 47.42 | K48: 57.48 | L48: 348271 | M48: =K48 -> 57.48 | N48: =L48 -> 348271 | P48: =N48-F48 -> 0 | Q48: =IF(H48-3544.48<0,H48,0) -> 0
D49: 57.48 | F49: 349881 | G49: 40801 | H49: =F49/K49 -> 6087.0042 | J49: 47.42 | K49: 57.48 | L49: 349881 | M49: =K49 -> 57.48 | N49: =L49 -> 349881 | P49: =N49-F49 -> 0 | Q49: =IF(H49-3544.48<0,H49,0) -> 0
D50: 69.83 | F50: 374987 | G50: 40828 | H50: =F50/K50 -> 5369.9986 | J50: 57.61 | K50: 69.83 | L50: 374987 | M50: =K50 -> 69.83 | N50: =L50 -> 374987 | P50: =N50-F50 -> 0 | Q50: =IF(H50-3544.48<0,H50,0) -> 0
D51: 70.48 | F51: 262561 | G51: 40385 | H51: =F51/K51 -> 3760.0029 | I51: 分期付款 | J51: 57.61 | K51: 69.83 | L51: 262561 | M51: =K51 -> 69.83 | N51: =L51 -> 262561 | P51: =N51-F51 -> 0 | Q51: =IF(H51-3544.48<0,H51,0) -> 0
D52: 70.48 | F52: 275130 | G52: 40381 | H52: =F52/K52 -> 3939.9971 | I52: 一次性付款 | J52: 57.61 | K52: 69.83 | L52: 275130 | M52: =K52 -> 69.83 | N52: =L52 -> 275130 | P52: =N52-F52 -> 0 | Q52: =IF(H52-3544.48<0,H52,0) -> 0
D53: 70.48 | F53: 437415 | H53: =F53/K53 -> 6263.9983 | I53: 一次性付款 | J53: 57.61 | K53: 69.83 | L53: 437415 | M53: =K53 -> 69.83 | N53: =L53 -> 437415 | P53: =N53-F53 -> 0 | Q53: =IF(H53-3544.48<0,H53,0) -> 0
D54: 70.48 | F54: 442303 | H54: =F54/K54 -> 6333.9968 | I54: 一次性付款 | J54: 57.61 | K54: 69.83 | L54: 442303 | M54: =K54 -> 69.83 | N54: =L54 -> 442303 | P54: =N54-F54 -> 0 | Q54: =IF(H54-3544.48<0,H54,0) -> 0
D55: 70.48 | F55: 291889 | G55: 40378 | H55: =F55/K55 -> 4179.9943 | I55: 分期付款 | J55: 57.61 | K55: 69.83 | L55: 291889 | M55: =K55 -> 69.83 | N55: =L55 -> 291889 | P55: =N55-F55 -> 0 | Q55: =IF(H55-3544.48<0,H55,0) -> 0
D56: 70.48 | F56: 278482 | G56: 40389 | H56: =F56/K56 -> 3987.9994 | I56: 一次性付款 | J56: 57.61 | K56: 69.83 | L56: 278482 | M56: =K56 -> 69.83 | N56: =L56 -> 278482 | P56: =N56-F56 -> 0 | Q56: =IF(H56-3544.48<0,H56,0) -> 0
D57: 70.48 | F57: 297755 | G57: 40383 | H57: =F57/K57 -> 4263.9983 | I57: 一次性付款 | J57: 57.61 | K57: 69.83 | L57: 297755 | M57: =K57 -> 69.83 | N57: =L57 -> 297755 | P57: =N57-F57 -> 0 | Q57: =IF(H57-3544.48<0,H57,0) -> 0
D58: 70.48 | F58: 289655 | G58: 41291 | H58: =F58/K58 -> 4148.0023 | I58: 一次性付款 | J58: 57.61 | K58: 69.83 | L58: 289655 | M58: =K58 -> 69.83 | N58: =L58 -> 289655 | P58: =N58-F58 -> 0 | Q58: =IF(H58-3544.48<0,H58,0) -> 0
D59: 69.83 | F59: 422612 | G59: 40686 | H59: =F59/K59 -> 6052.012 | I59: 一次性付款 | J59: 57.61 | K59: 69.83 | L59: 422612 | M59: =K59 -> 69.83 | N59: =L59 -> 422612 | P59: =N59-F59 -> 0 | Q59: =IF(H59-3544.48<0,H59,0) -> 0
D60: 69.83 | F60: 415279 | G60: 40888 | H60: =F60/K60 -> 5946.9999 | I60: 一次性付款 | J60: 57.61 | K60: 69.83 | L60: 415279 | M60: =K60 -> 69.83 | N60: =L60 -> 415279 | P60: =N60-F60 -> 0 | Q60: =IF(H60-3544.48<0,H60,0) -> 0
D61: 70.48 | F61: 256974 | G61: 40382 | H61: =F61/K61 -> 3679.9943 | I61: 分期付款 | J61: 57.61 | K61: 69.83 | L61: 256974 | M61: =K61 -> 69.83 | N61: =L61 -> 256974 | P61: =N61-F61 -> 0 | Q61: =IF(H61-3544.48<0,H61,0) -> 0
D62: 70.48 | F62: 261862 | G62: 40232 | H62: =F62/K62 -> 3749.9928 | I62: 分期付款 | J62: 57.61 | K62: 69.83 | L62: 261862 | M62: =K62 -> 69.83 | N62: =L62 -> 261862 | P62: =N62-F62 -> 0 | Q62: =IF(H62-3544.48<0,H62,0) -> 0
D63: 70.48 | F63: 261164 | G63: 40393 | H63: =F63/K63 -> 3739.9971 | I63: （其他方式）银行按揭 | J63: 57.61 | K63: 69.83 | L63: 88595 | M63: =K63 -> 69.83 | N63: 261164 | P63: =N63-F63 -> 0 | Q63: =IF(H63-3544.48<0,H63,0) -> 0
D64: 70.48 | F64: 285605 | G64: 40392 | H64: =F64/K64 -> 4090.0043 | I64: 分期付款 | J64: 57.61 | K64: 69.83 | L64: 285605 | M64: =K64 -> 69.83 | N64: =L64 -> 285605 | P64: =N64-F64 -> 0 | Q64: =IF(H64-3544.48<0,H64,0) -> 0
D65: 70.48 | F65: 290493 | G65: 40390 | H65: =F65/K65 -> 4160.0029 | I65: 分期付款 | J65: 57.61 | K65: 69.83 | L65: 290493 | M65: =K65 -> 69.83 | N65: =L65 -> 290493 | P65: =N65-F65 -> 0 | Q65: =IF(H65-3544.48<0,H65,0) -> 0
D66: 70.48 | F66: 455990 | G66: 40382 | H66: =F66/K66 -> 6530.0014 | I66: 分期付款 | J66: 57.61 | K66: 69.83 | L66: 455990 | M66: =K66 -> 69.83 | N66: =L66 -> 455990 | P66: =N66-F66 -> 0 | Q66: =IF(H66-3544.48<0,H66,0) -> 0
D67: 70.48 | F67: 433644 | G67: 40561 | H67: =F67/K67 -> 6209.9957 | I67: 一次性付款 | J67: 57.61 | K67: 69.83 | L67: 433644 | M67: =K67 -> 69.83 | N67: =L67 -> 433644 | P67: =N67-F67 -> 0 | Q67: =IF(H67-3544.48<0,H67,0) -> 0
D68: 70.48 | F68: 342865 | G68: 40374 | H68: =F68/K68 -> 4909.9957 | I68: 一次性付款 | J68: 57.61 | K68: 69.83 | L68: 342865 | M68: =K68 -> 69.83 | N68: =L68 -> 342865 | P68: =N68-F68 -> 0 | Q68: =IF(H68-3544.48<0,H68,0) -> 0
D69: 69.83 | F69: 419050 | G69: 40321 | H69: =F69/K69 -> 6001.0024 | I69: 一次性付款 | J69: 57.61 | K69: 69.83 | L69: 419050 | M69: =K69 -> 69.83 | N69: =L69 -> 419050 | P69: =N69-F69 -> 0 | Q69: =IF(H69-3544.48<0,H69,0) -> 0
D70: 69.83 | F70: 422612 | G70: 40686 | H70: =F70/K70 -> 6052.012 | I70: 一次性付款 | J70: 57.61 | K70: 69.83 | L70: 422612 | M70: =K70 -> 69.83 | N70: =L70 -> 422612 | P70: =N70-F70 -> 0 | Q70: =IF(H70-3544.48<0,H70,0) -> 0
D71: 69.83 | F71: 419678 | G71: 40833 | H71: =F71/K71 -> 6009.9957 | I71: 一次性付款 | J71: 57.61 | K71: 69.83 | L71: 419678 | M71: =K71 -> 69.83 | N71: =L71 -> 419678 | P71: =N71-F71 -> 0 | Q71: =IF(H71-3544.48<0,H71,0) -> 0
D72: 57.48 | F72: 275904 | G72: 41077 | H72: =F72/K72 -> 4800 | I72: （其他方式）银行按揭 | J72: 47.42 | K72: 57.48 | L72: 275904 | M72: =K72 -> 57.48 | N72: =L72 -> 275904 | P72: =N72-F72 -> 0 | Q72: =IF(H72-3544.48<0,H72,0) -> 0
D73: 57.57 | F73: 215550 | G73: 40381 | H73: =F73/K73 -> 3750 | I73: 一次性付款 | J73: 47.42 | K73: 57.48 | L73: 215550 | M73: =K73 -> 57.48 | N73: =L73 -> 215550 | P73: =N73-F73 -> 0 | Q73: =IF(H73-3544.48<0,H73,0) -> 0
D74: 57.57 | F74: 225322 | G74: 40382 | H74: =F74/K74 -> 3920.007 | I74: 分期付款 | J74: 47.42 | K74: 57.48 | L74: 225322 | M74: =K74 -> 57.48 | N74: =L74 -> 225322 | P74: =N74-F74 -> 0 | Q74: =IF(H74-3544.48<0,H74,0) -> 0
D75: 57.57 | F75: 224977 | G75: 40375 | H75: =F75/K75 -> 3914.0049 | I75: 一次性付款 | J75: 47.42 | K75: 57.48 | L75: 224977 | M75: =K75 -> 57.48 | N75: =L75 -> 224977 | P75: =N75-F75 -> 0 | Q75: =IF(H75-3544.48<0,H75,0) -> 0
... D137: 57.57 | F137: 274180 | G137: 40409 | H137: =F137/K137 -> 4770.007 | I137: 分期付款 | J137: 47.42 | K137: 57.48 | L137: 274180 | M137: =K137 -> 57.48 | N137: =L137 -> 274180 | P137: =N137-F137 -> 0 | Q137: =IF(H137-3544.48<0,H137,0) -> 0
D138: 122.88 | F138: 405080 | G138: 40394 | H138: =F138/K138 -> 3280 | I138: （其他方式）银行按揭 | J138: 105.14 | K138: 123.5 | L138: 121046 | M138: =K138 -> 123.5 | N138: =F138 -> 405080 | P138: =N138-F138 -> 0 | Q138: =IF(H138-3544.48<0,H138,0) -> 3280
D139: 122.88 | F139: 530309 | G139: 40394 | H139: =F139/K139 -> 4294 | I139: 一次性付款 | J139: 105.14 | K139: 123.5 | L139: 530309 | M139: =K139 -> 123.5 | N139: =L139 -> 530309 | P139: =N139-F139 -> 0 | Q139: =IF(H139-3544.48<0,H139,0) -> 0
D140: 123.5 | F140: 680485 | G140: 41349 | H140: =F140/K140 -> 5510 | I140: 分期付款 | J140: 105.14 | K140: 123.5 | L140: 680485 | M140: =K140 -> 123.5 | N140: =L140 -> 680485 | P140: =N140-F140 -> 0 | Q140: =IF(H140-3544.48<0,H140,0) -> 0
D141: 122.88 | F141: 615030 | G141: 40386 | H141: =F141/K141 -> 4980 | I141: 一次性付款 | J141: 105.14 | K141: 123.5 | L141: 615030 | M141: =K141 -> 123.5 | N141: =L141 -> 615030 | P141: =N141-F141 -> 0 | Q141: =IF(H141-3544.48<0,H141,0) -> 0
D142: 122.88 | F142: 845728 | G142: 40382 | H142: =F142/K142 -> 6848 | I142: 分期付款 | J142: 105.14 | K142: 123.5 | L142: 845728 | M142: =K142 -> 123.5 | N142: =L142 -> 845728 | P142: =N142-F142 -> 0 | Q142: =IF(H142-3544.48<0,H142,0) -> 0
D143: 122.88 | F143: 590330 | G143: 40413 | H143: =F143/K143 -> 4780 | I143: 分期付款 | J143: 105.14 | K143: 123.5 | L143: 590330 | M143: =K143 -> 123.5 | N143: =L143 -> 590330 | P143: =N143-F143 -> 0 | Q143: =IF(H143-3544.48<0,H143,0) -> 0
D144: 122.88 | F144: 870428 | G144: 40382 | H144: =F144/K144 -> 7048 | I144: 分期付款 | J144: 105.14 | K144: 123.5 | L144: 870428 | M144: =K144 -> 123.5 | N144: =L144 -> 870428 | P144: =N144-F144 -> 0 | Q144: =IF(H144-3544.48<0,H144,0) -> 0
D145: 122.88 | F145: 832514 | G145: 40596 | H145: =F145/K145 -> 6741.004 | I145: 一次性付款 | J145: 105.14 | K145: 123.5 | L145: 832514 | M145: =K145 -> 123.5 | N145: =L145 -> 832514 | P145: =N145-F145 -> 0 | Q145: =IF(H145-3544.48<0,H145,0) -> 0
D146: 122.88 | F146: 841159 | G146: 40596 | H146: =F146/K146 -> 6811.004 | I146: 一次性付款 | J146: 105.14 | K146: 123.5 | L146: 841159 | M146: =K146 -> 123.5 | N146: =L146 -> 841159 | P146: =N146-F146 -> 0 | Q146: =IF(H146-3544.48<0,H146,0) -> 0
D147: 122.88 | F147: 768540 | G147: 40561 | H147: =F147/K147 -> 6222.996 | I147: 分期付款 | J147: 105.14 | K147: 123.5 | L147: 768540 | M147: =K147 -> 123.5 | N147: =L147 -> 768540 | P147: =N147-F147 -> 0 | Q147: =IF(H147-3544.48<0,H147,0) -> 0
D148: 123.5 | F148: =ROUND(676780/1.05,2) -> 644552.38 | G148: 42795 | H148: =F148/K148 -> 5219.0476 | I148: 一次性付款 | J148: 105.14 | K148: 123.5 | L148: =F148 -> 644552.38 | M148: =K148 -> 123.5 | N148: =L148 -> 644552.38 | P148: =N148-F148 -> 0 | R148: 价税分离
D149: 122.88 | F149: 528580 | G149: 40393 | H149: =F149/K149 -> 4280 | I149: （其他方式）银行按揭 | J149: 105.14 | K149: 123.5 | L149: 528580 | M149: =K149 -> 123.5 | N149: =L149 -> 528580 | P149: =N149-F149 -> 0 | Q149: =IF(H149-3544.48<0,H149,0) -> 0
D150: 122.88 | F150: 450775 | G150: 40384 | H150: =F150/K150 -> 3650 | I150: 分期付款 | J150: 105.14 | K150: 123.5 | L150: 450775 | M150: =K150 -> 123.5 | N150: =L150 -> 450775 | P150: =N150-F150 -> 0 | Q150: =IF(H150-3544.48<0,H150,0) -> 0
D151: 122.88 | F151: 459420 | G151: 40375 | H151: =F151/K151 -> 3720 | I151: （其他方式）银行按揭 | J151: 105.14 | K151: 123.5 | L151: 459420 | M151: =K151 -> 123.5 | N151: =L151 -> 459420 | P151: =N151-F151 -> 0 | Q151: =IF(H151-3544.48<0,H151,0) -> 0
D152: 123.5 | F152: 692835 | G152: 41279 | H152: =F152/K152 -> 5610 | I152: 一次性付款 | J152: 105.14 | K152: 123.5 | L152: 692835 | M152: =K152 -> 123.5 | N152: =L152 -> 692835 | P152: =N152-F152 -> 0 | Q152: =IF(H152-3544.48<0,H152,0) -> 0
D153: 122.88 | F153: 806579 | G153: 40596 | H153: =F153/K153 -> 6531.004 | I153: 一次性付款 | J153: 105.14 | K153: 123.5 | L153: 806579 | M153: =K153 -> 123.5 | N153: =L153 -> 806579 | P153: =N153-F153 -> 0 | Q153: =IF(H153-3544.48<0,H153,0) -> 0
D154: 123.5 | F154: 732726 | G154: 41167 | H154: =F154/K154 -> 5933.004 | I154: 分期付款 | J154: 105.14 | K154: 123.5 | L154: 732726 | M154: =K154 -> 123.5 | N154: =L154 -> 732726 | P154: =N154-F154 -> 0 | Q154: =IF(H154-3544.48<0,H154,0) -> 0
D155: 122.88 | F155: 456950 | G155: 41409 | H155: =F155/K155 -> 3700 | I155: 分期付款 | J155: 105.14 | K155: 123.5 | L155: 456950 | M155: =K155 -> 123.5 | N155: =L155 -> 456950 | P155: =N155-F155 -> 0 | Q155: =IF(H155-3544.48<0,H155,0) -> 0
D156: 122.88 | F156: 606385 | G156: 40390 | H156: =F156/K156 -> 4910 | I156: （其他方式）银行按揭 | J156: 105.14 | K156: 123.5 | L156: 606385 | M156: =K156 -> 123.5 | N156: =L156 -> 606385 | P156: =N156-F156 -> 0 | Q156: =IF(H156-3544.48<0,H156,0) -> 0
D157: 122.88 | F157: 617500 | G157: 40390 | H157: =F157/K157 -> 5000 | I157: 分期付款 | J157: 105.14 | K157: 123.5 | L157: 617500 | M157: =K157 -> 123.5 | N157: =L157 -> 617500 | P157: =N157-F157 -> 0 | Q157: =IF(H157-3544.48<0,H157,0) -> 0
D158: 122.88 | F158: 771875 | G158: 40549 | H158: =F158/K158 -> 6250 | I158: 一次性付款 | J158: 105.14 | K158: 123.5 | L158: 771875 | M158: =K158 -> 123.5 | N158: =L158 -> 771875 | P158: =N158-F158 -> 0 | Q158: =IF(H158-3544.48<0,H158,0) -> 0
D159: 123.5 | F159: =ROUND(602680/1.05,2) -> 573980.95 | G159: 42791 | H159: =F159/K159 -> 4647.619 | I159: 一次性付款 | J159: 105.14 | K159: 123.5 | L159: =F159 -> 573980.95 | M159: =K159 -> 123.5 | N159: =L159 -> 573980.95 | P159: =N159-F159 -> 0 | R159: 价税分离
D160: 122.88 | F160: 442130 | G160: 40375 | H160: =F160/K160 -> 3580 | I160: （其他方式）银行按揭 | J160: 105.14 | K160: 123.5 | L160: 442130 | M160: =K160 -> 123.5 | N160: =L160 -> 442130 | P160: =N160-F160 -> 0 | Q160: =IF(H160-3544.48<0,H160,0) -> 0
D161: 122.88 | F161: 453986 | G161: 40399 | H161: =F161/K161 -> 3676 | I161: （其他方式）银行按揭 | J161: 105.14 | K161: 123.5 | L161: 453986 | M161: =K161 -> 123.5 | N161: =L161 -> 453986 | P161: =N161-F161 -> 0 | Q161: =IF(H161-3544.48<0,H161,0) -> 0
D162: 123.5 | F162: =ROUND(670111/1.05,2) -> 638200.95 | G162: 42800 | H162: =F162/K162 -> 5167.619 | I162: 一次性付款 | J162: 105.14 | K162: 123.5 | L162: =F162 -> 638200.95 | M162: 123.5 | N162: =L162 -> 638200.95 | P162: =N162-F162 -> 0 | R162: 价税分离
D163: 122.88 | F163: 551304 | G163: 40394 | H163: =F163/K163 -> 4464 | I163: 一次性付款 | J163: 105.14 | K163: 123.5 | L163: 551304 | M163: =K163 -> 123.5 | N163: =L163 -> 551304 | P163: =N163-F163 -> 0 | Q163: =IF(H163-3544.48<0,H163,0) -> 0
D164: 123.5 | F164: 679250 | G164: 41500 | H164: =F164/K164 -> 5500 | I164: （其他方式）银行按揭 | J164: 105.14 | K164: 123.5 | L164: 679250 | M164: =K164 -> 123.5 | N164: =L164 -> 679250 | P164: =N164-F164 -> 0 | Q164: =IF(H164-3544.48<0,H164,0) -> 0
D165: 123.5 | F165: 693206 | G165: 41422 | H165: =F165/K165 -> 5613.004 | I165: 一次性付款 | J165: 105.14 | K165: 123.5 | L165: 693206 | M165: =K165 -> 123.5 | N165: =L165 -> 693206 | P165: =N165-F165 -> 0 | Q165: =IF(H165-3544.48<0,H165,0) -> 0
D166: 123.5 | F166: 742606 | H166: =F166/K166 -> 6013.004 | I166: 分期付款 | J166: 105.14 | K166: 123.5 | L166: 742606 | M166: =K166 -> 123.5 | N166: =L166 -> 742606 | P166: =N166-F166 -> 0 | Q166: =IF(H166-3544.48<0,H166,0) -> 0
D167: 122.88 | F167: 502645 | G167: 40438 | H167: =F167/K167 -> 4070 | I167: （其他方式）银行按揭 | J167: 105.14 | K167: 123.5 | L167: 502645 | M167: =K167 -> 123.5 | N167: =L167 -> 502645 | P167: =N167-F167 -> 0 | Q167: =IF(H167-3544.48<0,H167,0) -> 0
D168: 122.88 | F168: 308750 | G168: 40379 | H168: =F168/K168 -> 2500 | I168: 分期付款 | J168: 105.14 | K168: 123.5 | L168: 308750 | M168: =K168 -> 123.5 | N168: =F168 -> 308750 | P168: =N168-F168 -> 0 | Q168: =IF(H168-3544.48<0,H168,0) -> 2500
D169: 123.5 | F169: =ROUND(708643/1.05,2) -> 674898.1 | G169: 42793 | H169: =F169/K169 -> 5464.7619 | I169: （其他方式）银行按揭 | J169: 105.14 | K169: 123.5 | L169: =F169 -> 674898.1 | M169: =K169 -> 123.5 | N169: =L169 -> 674898.1 | P169: =N169-F169 -> 0 | R169: 价税分离
D170: 123.5 | F170: =ROUND(639730/1.05,2) -> 609266.67 | G170: 42801 | H170: =F170/K170 -> 4933.3334 | I170: 一次性付款 | J170: 105.14 | K170: 123.5 | L170: =F170 -> 609266.67 | M170: =K170 -> 123.5 | N170: =L170 -> 609266.67 | P170: =N170-F170 -> 0 | R170: 价税分离
D171: 122.88 | F171: 424840 | G171: 40382 | H171: =F171/K171 -> 3440 | I171: 分期付款 | J171: 105.14 | K171: 123.5 | L171: 424840 | M171: =K171 -> 123.5 | N171: =F171 -> 424840 | P171: =N171-F171 -> 0 | Q171: =IF(H171-3544.48<0,H171,0) -> 3440
D172: 122.88 | F172: 551304 | G172: 40400 | H172: =F172/K172 -> 4464 | I172: 一次性付款 | J172: 105.14 | K172: 123.5 | L172: 551304 | M172: =K172 -> 123.5 | N172: =L172 -> 551304 | P172: =N172-F172 -> 0 | Q172: =IF(H172-3544.48<0,H172,0) -> 0
D173: 122.88 | F173: 573040 | G173: 40375 | H173: =F173/K173 -> 4640 | I173: 一次性付款 | J173: 105.14 | K173: 123.5 | L173: 573040 | M173: =K173 -> 123.5 | N173: =L173 -> 573040 | P173: =N173-F173 -> 0 | Q173: =IF(H173-3544.48<0,H173,0) -> 0
D174: 123.5 | F174: =ROUND(623675/1.05,2) -> 593976.19 | H174: =F174/K174 -> 4809.5238 | I174: 一次性付款 | J174: 105.14 | K174: 123.5 | M174: 123.5 | N174: =F174 -> 593976.19 | P174: =N174-F174 -> 0 | R174: 价税分离
...

Sheet Sheet6
A1: 和跨了好几列控件会
A2: =Sheet5!A2 -> 看就会立刻就会老客户考虑减
A3: 序号 | B3: 考虑减考虑减 | C3: 理解 | D3: 了靠捡垃圾 | E3: 拉开距离 | F3: 看见了看见 | G3: klj | H3: 就 | I3: 理论框架了 | J3: 看了就立刻 | K3: klj
A4: 1 | B4: 合计 | K4: =SUM(K5:K56) -> 0
A5: 2 | D5: 40394 | E5: 123.5 | F5: 3280 | G5: 405080 | H5: 3658 | I5: =H5*0.7 -> 2560.6 | K5: =J5*E5 -> 0
A6: 3 | D6: 40394 | E6: 123.5 | F6: 4294 | G6: 530309 | H6: 3658 | I6: 3643.5
A7: 4 | D7: 40386 | E7: 123.5 | F7: 4980 | G7: 615030 | H7: 3658 | I7: 3643.5
A8: 5 | D8: 40382 | E8: 123.5 | F8: 6848 | G8: 845728 | H8: 3658 | I8: 3643.5
A9: 6 | D9: 40413 | E9: 123.5 | F9: 4780 | G9: 590330 | H9: 3658 | I9: 3643.5
A10: 7 | D10: 40382 | E10: 123.5 | F10: 7048 | G10: 870428 | H10: 3658 | I10: 3643.5
A11: 8
A12: 9 | D12: 40379 | E12: 123.5 | F12: 2500 | G12: 308750 | H12: 3658 | I12: =H12*0.7 -> 2560.6 | K12: =J12*E12 -> 0
A13: 10 | D13: 40375 | E13: 123.5 | F13: 3580 | G13: 442130 | H13: =SUM(F12:F16)/5 -> 3658 | I13: =H13*0.7 -> 2560.6
A14: 11 | D14: 40399 | E14: 123.5 | F14: 3676 | G14: 453986 | H14: 3658 | I14: =H14*0.7 -> 2560.6
A15: 12 | D15: 40394 | E15: 123.5 | F15: 4464 | G15: 551304 | H15: 3658 | I15: =H15*0.7 -> 2560.6
A16: 13 | D16: 40438 | E16: 123.5 | F16: 4070 | G16: 502645 | H16: 3658 | I16: =H16*0.7 -> 2560.6
A17: 14
A18: 15 | D18: 40652 | E18: 93.35 | F18: 2600 | G18: 242710 | H18: 3658 | I18: =H18*0.7 -> 2560.6 | K18: =J18*E18 -> 0
A19: 16 | D19: 40655 | E19: 93.35 | F19: 2760 | G19: 257646 | H19: 3658 | I19: =H19*0.7 -> 2560.6 | K19: =J19*E19 -> 0
A20: 17 | D20: 40756 | E20: 93.35 | F20: 5753.0048 | G20: 537043 | H20: 3658 | I20: =H20*0.7 -> 2560.6
A21: 18 | D21: 40548 | E21: 93.35 | F21: 3750.0054 | G21: 350063 | H21: 3658 | I21: =H21*0.7 -> 2560.6
A22: 19 | D22: 40735 | E22: 93.35 | F22: 5823.9957 | G22: 543670 | H22: 3658 | I22: =H22*0.7 -> 2560.6
A23: 20
A24: 21 | D24: 40376 | E24: 93.35 | F24: 2744.0064 | G24: 256153 | H24: =SUM(F24:F29)/6 -> 3501.8336 | I24: =H24*0.7 -> 2451.2835 | K24: =J24*E24 -> 0
A25: 22 | D25: 40471 | E25: 93.35 | F25: 2440 | G25: 227774 | H25: =H24 -> 3501.8336 | I25: =H25*0.7 -> 2451.2835 | K25: =J25*E25 -> 0
A26: 23 | D26: 40389 | E26: 93.35 | F26: 3808.0021 | G26: 355477 | H26: =H25 -> 3501.8336 | I26: =H26*0.7 -> 2451.2835
A27: 24 | D27: 40389 | E27: 93.35 | F27: 3832.9941 | G27: 357810 | H27: =H26 -> 3501.8336 | I27: =H27*0.7 -> 2451.2835
A28: 25 | D28: 40389 | E28: 93.35 | F28: 4025.9989 | G28: 375827 | H28: =H27 -> 3501.8336 | I28: =H28*0.7 -> 2451.2835
A29: 26 | D29: 40383 | E29: 93.35 | F29: 4160 | G29: 388336 | H29: =H28 -> 3501.8336 | I29: =H29*0.7 -> 2451.2835
A30: 27
A31: 28 | D31: 40724 | E31: 77.81 | F31: 2980.0026 | G31: 231874 | H31: 4200 | I31: =H31*0.7 -> 2940 | K31: =J31*E31 -> 0
A32: 29 | D32: 40378 | E32: 77.81 | F32: 3860.0051 | G32: 300347 | H32: 4200 | I32: =H32*0.7 -> 2940
A33: 30 | D33: 41229 | E33: 77.81 | F33: 5392.0062 | G33: 419552 | H33: 4200 | I33: =H33*0.7 -> 2940
A34: 31 | D34: 41242 | E34: 77.81 | F34: 5523.9943 | G34: 429822 | H34: 4200 | I34: =H34*0.7 -> 2940
A35: 32 | D35: 41127 | E35: 77.81 | F35: 5658.0003 | G35: 440249 | H35: 4200 | I35: =H35*0.7 -> 2940
A36: 33 | D36: 40392 | E36: 77.81 | F36: 4080.0026 | G36: 317465 | H36: 4200 | I36: =H36*0.7 -> 2940
A37: 34 | D37: 41061 | E37: 77.81 | F37: 5400 | G37: 420174 | H37: 4200 | I37: =H37*0.7 -> 2940
A38: 35 | D38: 41061 | E38: 77.81 | F38: 5450.0064 | G38: 424065 | H38: 4200 | I38: =H38*0.7 -> 2940
A39: 36 | D39: 41104 | E39: 77.81 | F39: 5776.0057 | G39: 449431 | H39: 4200 | I39: =H39*0.7 -> 2940
A40: 37 | D40: 41054 | E40: 77.81 | F40: 5800 | G40: 451298 | H40: 4200 | I40: =H40*0.7 -> 2940
A41: 38
A42: 39 | D42: 40387 | E42: 93.19 | F42: 2500 | G42: 232975 | H42: 3658 | I42: =H42*0.7 -> 2560.6 | K42: =J42*E42 -> 0
A43: 40 | D43: 40413 | E43: 93.19 | F43: 3000 | G43: 279570 | H43: =H42 -> 3658 | I43: =H43*0.7 -> 2560.6
A44: 41 | D44: 40490 | E44: 93.19 | F44: 6252.9992 | G44: 582717 | H44: =H43 -> 3658 | I44: =H44*0.7 -> 2560.6
A45: 42 | D45: 40382 | E45: 93.19 | F45: 3785.9964 | G45: 352817 | H45: =H44 -> 3658 | I45: =H45*0.7 -> 2560.6
A46: 43 | D46: 40315 | E46: 93.19 | F46: 3700 | G46: 344803 | H46: =H45 -> 3658 | I46: =H46*0.7 -> 2560.6
A47: 44 | D47: 40439 | E47: 93.19 | F47: 4243.9961 | G47: 395498 | H47: =H46 -> 3658 | I47: =H47*0.7 -> 2560.6
A48: 45
A49: 46 | D49: 40383 | E49: 77.67 | F49: 2979.9923 | G49: 231456 | H49: 4250 | I49: =H49*0.7 -> 2975 | K49: =J49*E49 -> 0
A50: 47 | D50: 40564 | E50: 77.67 | F50: 3480.0051 | G50: 270292 | H50: =H49 -> 4250 | I50: =H50*0.7 -> 2975
A51: 48 | D51: 40388 | E51: 77.67 | F51: 3820.0077 | G51: 296700 | H51: =H50 -> 4250 | I51: =H51*0.7 -> 2975
A52: 49 | D52: 40375 | E52: 77.67 | F52: 3989.9961 | G52: 309903 | H52: =H51 -> 4250 | I52: =H52*0.7 -> 2975
A53: 50 | D53: 40387 | E53: 77.67 | F53: 4729.9987 | G53: 367379 | H53: =H52 -> 4250 | I53: =H53*0.7 -> 2975
A54: 51 | D54: 40375 | E54: 77.67 | F54: 6659.0061 | G54: 517205 | H54: =H53 -> 4250 | I54: =H54*0.7 -> 2975
A55: 52 | D55: 40384 | E55: 77.67 | F55: 5090.009 | G55: 395341 | H55: =H54 -> 4250 | I55: =H55*0.7 -> 2975
A56: 53 | D56: 40409 | E56: 77.67 | F56: 4194.0003 | G56: 325748 | H56: =H55 -> 4250 | I56: =H56*0.7 -> 2975

Sheet Sheet7
A1: 地成jlj细表
A2: =Sheet2!A2 -> 看就会立刻就会老客户考虑减 | M2: 金额单位：元
A3: 海陆空 | B3: 海陆空 | C3: 海陆空 | D3: 海陆空 | E3: 海陆空 | F3: 海陆空 | G3: 海陆空 | H3: 海陆空 | I3: 海陆空 | J3: 海陆空 | K3: 看见好看了 | L3: 看见好看了 | M3: 看见好看了 | N3: 看见好看了
B4: 1 | C4: 2 | D4: 3 | E4: 4 | F4: 5 | G4: 6 | H4: 7 | I4: 8 | J4: 9 | K4: 10 | L4: 11 | M4: 12 | N4: 13
C5: 合计 | H5: =SUM(H6:H9) -> 1124533.9 | I5: =SUM(I6:I9) -> 0 | J5: =SUM(J6:J9) -> 0 | K5: =SUM(K6:K9) -> 1124533.9 | L5: =SUM(L6:L9) -> 0 | M5: =SUM(M6:M9) -> 1124533.9
A6: 1 | B6: 支付的土地出让金 | E6: 41060 | F6: 记98 | G6: 个华府大道 | H6: 1407207.7 | I6: 可好看了 | K6: =H6 -> 1407207.7 | M6: =K6+L6 -> 1407207.7 | O6: 已核对 | P6: 土地成本10,556,357.47，其中土地成本8,036,357.47，增容费2,520,000.00
A7: 2 | B7: 支付的土地出让金 | E7: 41274 | F7: 记119 | G7: 个华府大道 | H7: -197011.45 | I7: 分配明细表 | K7: =H7 -> -197011.45 | M7: =K7+L7 -> -197011.45 | O7: 已核对 | P7: 一期审核报告调减土地成本3,088,844.18元 按报建面积进行分摊 本次分摊比例15.059%
A8: 3 | B8: 支付的土地出让金 | E8: 41274 | F8: 记119 | G8: 个华府大道 | H8: 379487.17 | I8: 空军航空就 | K8: =H8 -> 379487.17 | M8: =K8+L8 -> 379487.17 | O8: 已核对
A9: 4 | B9: 支付的土地出让金 | E9: 42369 | F9: 转167 | G9: 个华府大道 | H9: -465149.5 | I9: 分配明细表 | K9: =H9 -> -465149.5 | M9: =K9+L9 -> -465149.5 | O9: 已核对

Sheet Sheet8
A1: 解决
A2: =Sheet7!A2 -> 看就会立刻就会老客户考虑减
A3: 项目 | B3: 一期 | C3: 二期一段 | D3: 二期二段 | E3: 会所 | F3: 三期 | G3: 合计
A4: 按报建面积 | B4: 1454546 | C4: 54646 | D4: 5464 | E4: 546 | F4: 6546 | G4: =SUM(B4:F4) -> 1521748
A5: 分摊比例 | B5: =B4/G4 -> 0.95583894 | C5: =C4/G4 -> 0.035910019 | D5: =D4/G4 -> 0.0035906076 | E5: =E4/G4 -> 0.00035879791 | F5: =F4/G4 -> 0.0043016321 | G5: =SUM(B5:F5) -> 1
A6: 土地成本 | B6: 1271717.5 | C6: 1124533.9 | D6: 845260.62 | E6: 58790.02 | F6: =G6-B6-C6-D6-E6 -> 4167211.2 | G6: 7467513.3
A7: 65654

Sheet Sheet9
A1: kljklj
A2: =Sheet2!A2 -> 看就会立刻就会老客户考虑减 | M2: 金额单位：元
A3: 序号 | B3: 成本类别 | C3: 成本类别 | D3: 成本类别 | E3: 成本类别 | F3: 成本类别 | G3: 成本类别 | H3: 成本类别 | I3: 成本类别 | J3: 成本类别 | K3: 成本类别 | L3: 成本类别 | M3: 成本类别 | N3: 成本类别
B4: 1 | C4: 2 | D4: 3 | E4: 4 | F4: 5 | G4: 6 | H4: 7 | I4: 8 | J4: 9 | K4: 10 | L4: 11 | M4: 12 | N4: 13
C5: 合计 | H5: =SUM(H6:H9) -> 0 | K5: =SUM(K6:K9) -> 0 | L5: =SUM(L6:L9) -> 0 | M5: =SUM(M6:M9) -> 0
A6: 1
A7: 2
A8: 3 | M8: =K8+L8 -> 0
A9: 4 | M9: =K9+L9 -> 0

Sheet Sheet10
A1: hlkjh
A2: =Sheet2!A2 -> 看就会立刻就会老客户考虑减 | M2: 金额单位：元
A3: 本命年劳改犯 | B3: 本命年劳改犯 | C3: 本命年劳改犯 | D3: 本命年劳改犯 | E3: 本命年劳改犯 | F3: 本命年劳改犯 | G3: 本命年劳改犯 | H3: 本命年劳改犯 | I3: 本命年劳改犯 | J3: 本命年劳改犯 | K3: 本命年劳改犯 | L3: 本命年劳改犯 | M3: 本命年劳改犯 | N3: 本命年劳改犯
B4: 1 | C4: 2 | D4: 3 | E4: 4 | F4: 5 | G4: 6 | H4: 7 | I4: 8 | J4: 9 | K4: 10 | L4: 11 | M4: 12 | N4: 13
C5: 合计 | H5: =SUM(H6:H20) -> 2386959.7 | K5: =SUM(K6:K20) -> 2386959.7 | L5: =SUM(L6:L20) -> 0 | M5: =SUM(M6:M20) -> 2386959.7
A6: 1 | B6: 规划费用 | C6: 委员会 | D6: 预付账款 | E6: 40261 | F6: tyrtre | G6: 我与UI国土局海陆空 | H6: 294401.88 | I6: jhklh很快就后 | J6: 02866-09700 | K6: 294401.88 | M6: =K6+L6 -> 294401.88 | O6: 已付款 | Q6: 发票看不清
A7: 2 | B7: 设计费用 | C7: 委员会 | D7: 预付账款 | E7: 40325 | F7: tyrtre | G7: 我与UI国土局海陆空 | H7: 5000 | I7: jhklh很快就后 | J7: 46000971522-0677985 | K7: 5000 | M7: =K7+L7 -> 5000 | O7: 已付款 | Q7: 已核对
A8: 3 | B8: 测绘费用 | C8: 委员会 | D8: 预付账款 | E8: 40385 | F8: tyrtre | G8: 我与UI国土局海陆空 | H8: 17936 | I8: jhklh很快就后 | J8: 2460000972423-00076048 | K8: 17936 | M8: =K8+L8 -> 17936 | O8: 已付款 | Q8: 已核对
A9: 4 | B9: 设计费用 | C9: 委员会 | D9: 预付账款 | E9: 40387 | F9: tyrtre | G9: 我与UI国土局海陆空 | H9: 424660.5 | I9: jhklh很快就后 | J9: 246001072423-00046729至00046734 | K9: 424660.5 | M9: =K9+L9 -> 424660.5 | O9: 已付款 | Q9: 已核对 | R9: 发票金额456109.09 | S9: 发票未注明是哪期的设计费
A10: 5 | B10: 设计费用 | C10: 委员会 | D10: 预付账款 | E10: 40477 | F10: tyrtre | G10: 我与UI国土局海陆空 | H10: 30000 | I10: jhklh很快就后 | J10: 2460000972423-00046883 | K10: 30000 | M10: =K10+L10 -> 30000 | O10: 已付款 | Q10: 已核对
A11: 6 | B11: 勘探费用 | C11: 委员会 | D11: 预付账款 | E11: 40477 | F11: tyrtre | G11: 我与UI国土局海陆空 | H11: 4200 | I11: jhklh很快就后 | J11: 246000901118-00120453 | K11: 4200 | M11: =K11+L11 -> 4200 | O11: 已付款 | Q11: 已核对
A12: 7 | B12: 测绘费用 | C12: 委员会 | D12: 预付账款 | E12: 40506 | F12: tyrtre | G12: 我与UI国土局海陆空 | H12: 7000 | I12: jhklh很快就后 | J12: 246001071522-00232023 | K12: 7000 | M12: =K12+L12 -> 7000 | O12: 已付款 | Q12: 已核对 | S12: 发票未注明哪期费用
A13: 8 | B13: 规划费用 | C13: 委员会 | D13: 预付账款 | E13: 40543 | F13: tyrtre | G13: 我与UI国土局海陆空 | H13: 1327730.4 | I13: jhklh很快就后 | J13: 0308-996183 | K13: 1327730.4 | M13: =K13+L13 -> 1327730.4 | O13: 已付款 | Q13: 已核对 | R13: 费用报销单上写13#、14#号楼成本 | S13: 发票未注明哪期费用 但是标注的面积是13#14#
A14: 9 | B14: 设计费用 | C14: 委员会 | D14: 银行存款 | E14: 40631 | F14: tyrtre | G14: 我与UI国土局海陆空 | H14: 53268 | I14: jhklh很快就后 | J14: 246001172423-00014623 | K14: 53268 | M14: =K14+L14 -> 53268 | O14: 已付款 | Q14: 已核对 | S14: 发票未注明哪期费用
A15: 10 | B15: 规划费用 | C15: 委员会 | D15: 预付账款 | E15: 40715 | F15: tyrtre | G15: 我与UI国土局海陆空 | H15: 13474.8 | I15: jhklh很快就后 | J15: 0309-074199 | K15: 13474.8 | M15: =K15+L15 -> 13474.8 | O15: 已付款 | Q15: 已核对
A16: 11 | B16: 测绘费用 | C16: 委员会 | D16: 预付账款 | E16: 40736 | F16: tyrtre | G16: 我与UI国土局海陆空 | H16: 17972.39 | I16: jhklh很快就后 | J16: 246001072423-00140785 | K16: 17972.39 | M16: =K16+L16 -> 17972.39 | O16: 已付款 | Q16: 已核对
A17: 12 | B17: 设计费用 | C17: 委员会 | D17: 预付账款 | E17: 40807 | F17: tyrtre | G17: 我与UI国土局海陆空 | H17: 70000 | I17: jhklh很快就后 | J17: 246000972423-00081355 | K17: 70000 | M17: =K17+L17 -> 70000 | O17: 已付款 | Q17: 已核对
A18: 13 | B18: 测绘费用 | C18: 委员会 | D18: 其他应交款 | E18: 41060 | F18: tyrtre | G18: 我与UI国土局海陆空 | H18: 40056.98 | I18: jhklh很快就后 | K18: 40056.98 | M18: =K18+L18 -> 40056.98 | N18: 和健康就好 | O18: 已付款 | Q18: 已核对，无发票无银行回单 | R18: 按报建面积进行分摊 分摊比例15.059%
A19: 14 | B19: 设计费用 | C19: 委员会 | D19: 其他应交款 | E19: 41264 | F19: tyrtre | G19: 我与UI国土局海陆空 | H19: 34074.29 | I19: jhklh很快就后 | K19: 34074.29 | M19: =K19+L19 -> 34074.29 | N19: 89798 | O19: 已付款 | Q19: 已核对，无发票无银行回单 | R19: 分摊比例错误22.716%
A20: 15 | B20: 设计费用 | C20: 委员会 | D20: 预付账款 | E20: 41264 | F20: tyrtre | G20: 我与UI国土局海陆空 | H20: 47184.5 | I20: jhklh很快就后 | J20: 246001260413-00779003 | K20: 47184.5 | M20: =K20+L20 -> 47184.5 | O20: 已付款 | Q20: 已核对

Sheet Sheet11
A1: 几乎空间和刻录机
A2: =Sheet2!A2 -> 看就会立刻就会老客户考虑减 | Q2: 金额单位：元
A3: UI羽绒服 | B3: UI羽绒服 | C3: UI羽绒服 | D3: UI羽绒服 | E3: UI羽绒服 | F3: UI羽绒服 | G3: UI羽绒服 | H3: UI羽绒服 | I3: UI羽绒服 | J3: UI羽绒服 | K3: UI羽绒服 | L3: UI羽绒服 | M3: UI羽绒服 | N3: UI羽绒服 | O3: UI羽绒服 | P3: UI羽绒服 | Q3: UI羽绒服 | R3: UI羽绒服
C4: 合计 | F4: =SUM(F5:F9) -> 390073 | G4: =SUM(G5:G9) -> 152108.39 | H4: =SUM(H5:H9) -> 152108.39 | I4: =SUM(I5:I9) -> 0 | J4: =SUM(J5:J9) -> 0 | K4: =SUM(K5:K9) -> 390073 | L4: =SUM(L5:L9) -> 0 | M4: =SUM(M5:M9) -> -237964.61 | ... Q4: =SUM(Q5:Q9) -> 0
B5: 勘探费用 | C5: Uuioiu看见了 | D5: 40288 | E5: 10#楼施工勘察 | F5: 4200 | G5: 4200 | H5: 4200 | K5: =F5 -> 4200 | L5: =F5-K5 -> 0 | M5: =G5-K5 -> 0 | N5: =H5-K5 -> 0 | P5: 4200 | Q5: =G5-P5 -> 0
B6: 测绘费用 | C6: Uuioiu看见了 | D6: 40357 | E6: 盈滨绿生花园9.10.11.12号楼 | F6: 35873 | G6: 42908.39 | H6: 42908.39 | K6: =F6 -> 35873 | L6: =F6-K6 -> 0 | M6: =G6-K6 -> 7035.39 | N6: =H6-K6 -> 7035.39 | P6: 35873
B7: 设计费用 | C7: Uuioiu看见了 | D7: 40465 | E7: 绿生花园2期项目景观设计 | F7: 100000 | G7: 70000 | H7: 70000 | K7: =F7 -> 100000 | L7: =F7-K7 -> 0 | M7: =G7-K7 -> -30000 | N7: =H7-K7 -> -30000 | P7: 70000 | Q7: =G7-P7 -> 0
B8: 设计费用 | C8: Uuioiu看见了 | D8: 39749 | E8: 14.4万㎡，6-18层11层，图审费（1.041元每平方） | F8: 150000 | G8: 5000 | H8: 5000 | K8: =F8 -> 150000 | L8: =F8-K8 -> 0 | M8: =G8-K8 -> -145000 | N8: =H8-K8 -> -145000 | P8: 5000 | Q8: =G8-P8 -> 0
B9: 设计费用 | C9: Uuioiu看见了 | D9: 40465 | E9: 绿生花园2期项目景观设计 | F9: 100000 | G9: 30000 | H9: 30000 | K9: =F9 -> 100000 | L9: =F9-K9 -> 0 | M9: =G9-K9 -> -70000 | N9: =H9-K9 -> -70000 | P9: 30000 | Q9: =G9-P9 -> 0
B10: 设计费用 | C10: Uuioiu看见了 | D10: 39442 | E10: 海南绿生花园工程设计 | F10: 681280 | G10: 525113 | H10: 525113 | K10: =F10 -> 681280 | L10: =F10-K10 -> 0 | M10: =G10-K10 -> -156167 | N10: =H10-K10 -> -156167 | P10: 525113 | Q10: =G10-P10 -> 0

Sheet Sheet12
A1: iuyiuyiu
A2: =Sheet2!A2 -> 看就会立刻就会老客户考虑减 | M2: 金额单位：元
A3: 序号 | B3: 序号 | C3: 序号 | D3: 序号 | E3: 序号 | F3: 序号 | G3: 序号 | H3: 序号 | I3: 序号 | J3: 序号 | K3: 序号 | L3: 序号 | M3: 序号 | N3: 序号
B4: 1 | C4: 2 | D4: 3 | E4: 4 | F4: 5 | G4: 6 | H4: 7 | I4: 8 | J4: 9 | K4: 10 | L4: 11 | M4: 12 | N4: 13
C5: 合计 | H5: =SUM(H6:H87) -> 90233272 | I5: =SUM(I6:I72) -> 0 | J5: =SUM(J6:J72) -> 0 | K5: =SUM(K6:K87) -> 90233272 | L5: =SUM(L6:L87) -> -1065857.8 | M5: =SUM(M6:M87) -> 89167415
A6: 1 | B6: 建筑工程费 | C6: 从产销方式 | D6: 预付账款 | E6: 40385 | F6: 交换空间和 | G6: f空军航空就可怜 | H6: 6358000 | I6: 换句话 | J6: 246001001118-00122264 | K6: 6358000 | M6: =K6+L6 -> 6358000 | P6: 发票不清晰，无银行回单
A7: 2 | B7: 建筑工程费 | C7: 从产销方式 | D7: 预付账款 | E7: 40416 | F7: 交换空间和 | G7: f空军航空就可怜 | H7: 2793000 | I7: 换句话 | J7: 246001001118-00147673 | K7: 2793000 | M7: =K7+L7 -> 2793000 | P7: 发票不清晰，无银行回单
A8: 3 | B8: 建筑工程费 | C8: 从产销方式 | D8: 预付账款 | E8: 40441 | F8: 交换空间和 | G8: f空军航空就可怜 | H8: 12215000 | I8: 换句话 | J8: 246001001118-00148567 | K8: 12215000 | M8: =K8+L8 -> 12215000 | P8: 已核对
A9: 4 | B9: 建筑工程费 | C9: 从产销方式 | D9: 预付账款 | E9: 40449 | F9: 交换空间和 | G9: f空军航空就可怜 | H9: 118758.19 | I9: 换句话 | J9: 4400093650-02273173 | K9: 118758.19 | L9: -118758.19 | M9: =K9+L9 -> 0 | N9: 主合同已包含 | O9: 发票未注明哪期 | P9: 已核对
A10: 5 | B10: 建筑工程费 | C10: 从产销方式 | D10: 预付账款 | E10: 40470 | F10: 交换空间和 | G10: f空军航空就可怜 | H10: 115644.54 | I10: 换句话 | J10: 看不清 | K10: 115644.54 | L10: -115644.54 | M10: =K10+L10 -> 0 | N10: 主合同已包含 | P10: 已核对，发票抬头，编号，银行回单看不清
A11: 6 | B11: 建筑工程费 | C11: 从产销方式 | D11: 预付账款 | E11: 40477 | F11: 交换空间和 | G11: f空军航空就可怜 | H11: 53813.78 | I11: 换句话 | J11: 4400093650-02292020 | K11: 53813.78 | L11: -53813.78 | M11: =K11+L11 -> 0 | N11: 主合同已包含 | P11: 已核对，凭证号看不见
A12: 7 | B12: 建筑工程费 | C12: 从产销方式 | D12: 预付账款 | E12: 40477 | F12: 交换空间和 | G12: f空军航空就可怜 | H12: 3310000 | I12: 换句话 | J12: 246001001118-00205406 | K12: 3310000 | M12: =K12+L12 -> 3310000 | P12: 已核对，无银行回单，发票内容看不清
A13: 8 | B13: 建筑工程费 | C13: 从产销方式 | D13: 预付账款 | E13: 40492 | F13: 交换空间和 | G13: f空军航空就可怜 | H13: 161941.32 | I13: 换句话 | J13: 4400093650-02292519 | K13: 161941.32 | L13: -161941.32 | M13: =K13+L13 -> 0 | N13: 主合同已包含 | P13: 已核对，银行回单看不清
A14: 9 | B14: 建筑工程费 | C14: 从产销方式 | D14: 预付账款 | E14: 40501 | F14: 交换空间和 | G14: f空军航空就可怜 | H14: 2285000 | I14: 换句话 | J14: 246001001118-00207573 | K14: 2285000 | M14: =K14+L14 -> 2285000 | P14: 已核对，无银行回单
A15: 10 | B15: 安装工程费 | C15: 从产销方式 | D15: 预付账款 | E15: 40507 | F15: 交换空间和 | G15: f空军航空就可怜 | H15: 101184 | I15: 换句话 | J15: 146011021033-00255988 | K15: 101184 | L15: -101184 | M15: =K15+L15 -> 0 | N15: 主合同已包含 | O15: 发票未注明哪期 | P15: 已核对，无银行回单，有张发票号码看不见
A16: 11 | B16: 建筑工程费 | C16: 从产销方式 | D16: 预付账款 | E16: 40508 | F16: 交换空间和 | G16: f空军航空就可怜 | H16: 52174.7 | I16: 换句话 | J16: 4400093650-02294800 | K16: 52174.7 | L16: -52174.7 | M16: =K16+L16 -> 0 | N16: 主合同已包含 | P16: 已核对，银行回单看不清
A17: 12 | B17: 安装工程费 | C17: 从产销方式 | D17: 预付账款 | E17: 40519 | F17: 交换空间和 | G17: f空军航空就可怜 | H17: 250000 | I17: 换句话 | J17: 246001001118-00207887 | K17: 250000 | M17: =K17+L17 -> 250000 | O17: 2011.8.142#和2011.11.40#已冲平 一期成本 | P17: 已核对
A18: 13 | B18: 安装工程费 | C18: 从产销方式 | D18: 预付账款 | E18: 40520 | F18: 交换空间和 | G18: f空军航空就可怜 | H18: 71061.17 | I18: 换句话 | J18: 4400101650-00308801 | K18: 71061.17 | L18: -71061.17 | M18: =K18+L18 -> 0 | N18: 主合同已包含 | P18: 已核对
A19: 14 | B19: 安装工程费 | C19: 从产销方式 | D19: 预付账款 | E19: 40525 | F19: 交换空间和 | G19: f空军航空就可怜 | H19: 177519.73 | I19: 换句话 | J19: 4400101650-00308724、00320620 | K19: 177519.73 | L19: -177519.73 | M19: =K19+L19 -> 0 | N19: 主合同已包含 | P19: 已核对，无银行回单
A20: 15 | B20: 建筑工程费 | C20: 从产销方式 | D20: 预付账款 | E20: 40528 | F20: 交换空间和 | G20: f空军航空就可怜 | H20: 22924876 | I20: 换句话 | J20: 246001001118-00208254 | K20: 22924876 | M20: =K20+L20 -> 22924876 | P20: 已核对，无银行回单
A21: 16 | B21: 安装工程费 | C21: 从产销方式 | D21: 预付账款 | E21: 40533 | F21: 交换空间和 | G21: f空军航空就可怜 | H21: 6867.41 | I21: 换句话 | J21: 4400101650-00320713 | K21: 6867.41 | L21: -6867.41 | M21: =K21+L21 -> 0 | N21: 主合同已包含 | P21: 已核对，无银行回单
A22: 17 | B22: 安装工程费 | C22: 从产销方式 | D22: 预付账款 | E22: 40555 | F22: 交换空间和 | G22: f空军航空就可怜 | H22: 200000 | I22: 换句话 | J22: 246001001118-00262866 | K22: 200000 | M22: =K22+L22 -> 200000 | N22: 室外及会所工程 | O22: ？ | P22: 已核对
A23: 18 | B23: 电梯 | C23: 从产销方式 | D23: 预付账款 | E23: 40562 | F23: 交换空间和 | G23: f空军航空就可怜 | H23: 1470000 | I23: 换句话 | J23: 0103650-02323026 | K23: 1470000 | M23: =K23+L23 -> 1470000 | O23: 发票未注明哪期 | P23: 已核对，发票、银行回单看不清
A24: 19 | B24: 安装工程费 | C24: 从产销方式 | D24: 预付账款 | E24: 40568 | F24: 交换空间和 | G24: f空军航空就可怜 | H24: 246480 | I24: 换句话 | J24: 146001010202-00025097 | K24: 246480 | L24: -246480 | M24: 0 | N24: 发票抬头为个人，无银行回单，发票金额只有9480。主合同已包含。重复进成本 | P24: 已核对
A25: 20 | B25: 安装工程费 | C25: 从产销方式 | D25: 预付账款 | E25: 40568 | F25: 交换空间和 | G25: f空军航空就可怜 | H25: 150000 | I25: 换句话 | J25: 246001001118-00262672 | K25: 150000 | M25: =K25+L25 -> 150000 | O25: 发票未注明哪期 | P25: 已核对，无银行回单
A26: 21 | B26: 安装工程费 | C26: 从产销方式 | D26: 预付账款 | E26: 40574 | F26: 交换空间和 | G26: f空军航空就可怜 | H26: 200000 | I26: 换句话 | J26: 246001001118-00263760 | K26: 200000 | M26: =K26+L26 -> 200000 | O26: 2011.11.1#已冲平 | P26: 已核对
A27: 22 | B27: 电梯 | C27: 从产销方式 | D27: 预付账款 | E27: 40590 | F27: 交换空间和 | G27: f空军航空就可怜 | H27: 100000 | I27: 换句话 | K27: 100000 | M27: =K27+L27 -> 100000 | P27: 有银行付款，无发票
A28: 23 | B28: 安装工程费 | C28: 从产销方式 | D28: 预付账款 | E28: 40602 | F28: 交换空间和 | G28: f空军航空就可怜 | H28: 7782 | I28: 换句话 | J28: 0308-674686 | K28: 7782 | M28: =K28+L28 -> 7782 | P28: 已核对，无银行回单，发票抬头看不清
A29: 24 | B29: 建筑工程费 | C29: 从产销方式 | D29: 预付账款 | E29: 40653 | F29: 交换空间和 | G29: f空军航空就可怜 | H29: 3067884.3 | I29: 换句话 | J29: 246001101118-00066864 | K29: 3067884.3 | M29: =K29+L29 -> 3067884.3 | P29: 已核对，无法分清是哪期成本。
A30: 25 | B30: 安装工程费 | C30: 从产销方式 | D30: 预付账款 | E30: 40654 | F30: 交换空间和 | G30: f空军航空就可怜 | H30: 150000 | I30: 换句话 | J30: 246001101118-00066930 | K30: 150000 | M30: =K30+L30 -> 150000 | O30: 发票未注明哪期 | P30: 已核对
A31: 26 | B31: 安装工程费 | C31: 从产销方式 | D31: 预付账款 | E31: 40711 | F31: 交换空间和 | G31: f空军航空就可怜 | H31: 30200 | I31: 换句话 | J31: 146001010202-00332413—16 | K31: 30200 | L31: -30200 | M31: =K31+L31 -> 0 | N31: 看合同，装修属于包工包料。应取得建安发票 | P31: 已核对，无银行回单，发票内容看不清
A32: 27 | B32: 安装工程费 | C32: 从产销方式 | D32: 预付账款 | E32: 40715 | F32: 交换空间和 | G32: f空军航空就可怜 | H32: 130000 | I32: 换句话 | J32: 246001160315-00007584 | K32: 130000 | M32: =K32+L32 -> 130000 | O32: 发票未注明哪期 | P32: 已核对
A33: 28 | B33: 安装工程费 | C33: 从产销方式 | D33: 预付账款 | E33: 40736 | F33: 交换空间和 | G33: f空军航空就可怜 | H33: 7020 | I33: 换句话 | J33: 0248-522372 | K33: 7020 | M33: =K33+L33 -> 7020 | P33: 已核对
A34: 29 | B34: 建筑工程费 | C34: 从产销方式 | D34: 预付账款 | E34: 40739 | F34: 交换空间和 | G34: f空军航空就可怜 | H34: 10284408 | I34: 换句话 | J34: 246001160315-00029913至00029923 | K34: 10284408 | M34: =K34+L34 -> 10284408 | P34: 已核对，无银行回单
A35: 30 | B35: 安装工程费 | C35: 从产销方式 | D35: 预付账款 | E35: 40781 | F35: 交换空间和 | G35: f空军航空就可怜 | H35: 297040 | I35: 换句话 | J35: 146001110202-00294588/00294624 146011021033-00255977-81、84-86、88 | K35: 297040 | L35: -297040 | M35: =K35+L35 -> 0 | N35: 183216无发票，无付款 主合同已包含 | P35: 已核对
A36: 31 | B36: 安装工程费 | C36: 从产销方式 | D36: 其他应付款 | E36: 40786 | F36: 交换空间和 | G36: f空军航空就可怜 | H36: -20000 | I36: 换句话 | K36: -20000 | M36: =K36+L36 -> -20000 | O36: 冲2010.12.37# | P36: 已核对
A37: 32 | B37: 安装工程费 | C37: 从产销方式 | D37: 预付账款 | E37: 40833 | F37: 交换空间和 | G37: f空军航空就可怜 | H37: 3000 | I37: 换句话 | J37: 246001160211-00028093 | K37: 3000 | M37: =K37+L37 -> 3000 | O37: 电梯保险费 | P37: 已核对，无银行回单 | R37: (发票由阳光财产保险股份有限公司海南分公司开具)
A38: 33 | B38: 安装工程费 | C38: 从产销方式 | E38: 40856 | F38: 交换空间和 | G38: f空军航空就可怜 | H38: -200000 | I38: 换句话 | K38: -200000 | M38: =K38+L38 -> -200000 | O38: 冲平2011.01.132# | P38: 已核对
A39: 34 | B39: 安装工程费 | C39: 从产销方式 | D39: 预付账款 | E39: 40868 | F39: 交换空间和 | G39: f空军航空就可怜 | H39: 200000 | I39: 换句话 | J39: 246001160315-00170089 | K39: 200000 | M39: =K39+L39 -> 200000 | O39: 发票未注明哪期 | P39: 已核对，无银行回单
A40: 35 | B40: 安装工程费 | C40: 从产销方式 | E40: 40873 | F40: 交换空间和 | G40: f空军航空就可怜 | H40: 165780 | I40: 换句话 | K40: 165780 | M40: =K40+L40 -> 165780 | P40: 已核对
A41: 36 | B41: 安装工程费 | C41: 从产销方式 | D41: 银行存款 | E41: 40875 | F41: 交换空间和 | G41: f空军航空就可怜 | H41: -230000 | I41: 换句话 | K41: -230000 | M41: =K41+L41 -> -230000 | O41: 冲2010.12.37# | P41: 已核对
A42: 37 | B42: 安装工程费 | C42: 从产销方式 | D42: 预付账款 | E42: 40892 | F42: 交换空间和 | G42: f空军航空就可怜 | H42: 395200 | I42: 换句话 | J42: 246001160315-00174993至00174996 | K42: 395200 | M42: =K42+L42 -> 395200 | O42: 样板间装修 | P42: 已核对，发票抬头看不清
A43: 38 | B43: 安装工程费 | C43: 从产销方式 | D43: 预付账款 | E43: 40899 | F43: 交换空间和 | G43: f空军航空就可怜 | H43: 24708.62 | I43: 换句话 | K43: 24708.62 | M43: =K43+L43 -> 24708.62 | P43: 已核对，无发票无银行回单
A44: 39 | B44: 建筑工程费 | C44: 从产销方式 | D44: 预付账款 | E44: 40903 | F44: 交换空间和 | G44: f空军航空就可怜 | H44: 1500000 | I44: 换句话 | J44: 246001160315-00229983、84 | K44: 1500000 | M44: =K44+L44 -> 1500000 | P44: 已核对，有发票，无银行回单。
A45: 40 | B45: 安装工程费 | C45: 从产销方式 | D45: 预付账款 | E45: 40477 | F45: 交换空间和 | G45: f空军航空就可怜 | H45: 6761 | I45: 换句话 | K45: 6761 | L45: -6761 | M45: =K45+L45 -> 0 | O45: 钢材运费 | P45: 已核对，发票、银行回单看不清开票公司，发票是定额发票 | R45: 英德海螺型材有限公司
A46: 41 | B46: 安装工程费 | C46: 从产销方式 | D46: 预付账款 | E46: 40954 | F46: 交换空间和 | G46: f空军航空就可怜 | H46: 144742.25 | I46: 换句话 | J46: 246001160315-00232113 | K46: 144742.25 | M46: =K46+L46 -> 144742.25 | O46: 发票未注明哪期 | P46: 已核对，无发票无银行回单
A47: 42 | B47: 电梯 | C47: 从产销方式 | D47: 预付账款 | E47: 40980 | F47: 交换空间和 | G47: f空军航空就可怜 | H47: 220000 | I47: 换句话 | J47: 246001160315-00232128 | K47: 220000 | M47: =K47+L47 -> 220000 | O47: 发票未注明哪期 | P47: 已核对，无银行回单
A48: 43 | B48: 建筑工程费 | C48: 从产销方式 | D48: 预付账款 | E48: 41060 | F48: 交换空间和 | G48: f空军航空就可怜 | H48: 4940000 | I48: 换句话 | M48: =K48+L48 -> 0 | N48: 二期二段 | O48: 从二期二段调整过来的成本 | P48: 无附件
A49: 44 | B49: 建筑工程费 | C49: 从产销方式 | D49: 预付账款 | E49: 41060 | F49: 交换空间和 | G49: f空军航空就可怜 | H49: 2000000 | I49: 换句话 | M49: =K49+L49 -> 0 | N49: 二期二段 | O49: 从二期二段调整过来的成本 | P49: 无附件
A50: 45 | B50: 安装工程费 | C50: 从产销方式 | D50: 预付账款 | E50: 41248 | F50: 交换空间和 | G50: f空军航空就可怜 | H50: 13700 | I50: 换句话 | J50: 246001160315-00331144 | K50: 13700 | M50: =K50+L50 -> 13700 | O50: 合同金额137000 | P50: 已核对
A51: 46 | B51: 安装工程费 | C51: 从产销方式 | E51: 41264 | F51: 交换空间和 | G51: f空军航空就可怜 | H51: 57352.92 | I51: 换句话 | K51: 57352.92 | M51: =K51+L51 -> 57352.92 | P51: 已核对，无发票无银行回单
A52: 47 | B52: 安装工程费 | C52: 从产销方式 | E52: 41264 | F52: 交换空间和 | G52: f空军航空就可怜 | H52: -53143.21 | I52: 换句话 | K52: -53143.21 | M52: =K52+L52 -> -53143.21 | P52: 已核对
A53: 48 | B53: 建筑工程费 | C53: 从产销方式 | D53: 预付账款 | E53: 41271 | F53: 交换空间和 | G53: f空军航空就可怜 | H53: 27745.45 | I53: 换句话 | J53: 246001120719-00043137 | K53: 27745.45 | M53: =K53+L53 -> 27745.45 | P53: 已核对，无银行回单
A54: 49 | B54: 建筑工程费 | C54: 从产销方式 | D54: 预付账款 | E54: 40953 | F54: 交换空间和 | G54: f空军航空就可怜 | H54: 800000 | I54: 换句话 | J54: 246001160315-00232165 | K54: 800000 | M54: =K54+L54 -> 800000 | P54: 已核对，无银行回单
A55: 50 | B55: 建筑工程费 | C55: 从产销方式 | D55: 预付账款 | E55: 41022 | F55: 交换空间和 | G55: f空军航空就可怜 | H55: 500000 | I55: 换句话 | J55: 246001160315-00235035 | K55: 500000 | M55: =K55+L55 -> 500000 | P55: 已核对，无银行回单
A56: 51 | B56: 建筑工程费 | C56: 从产销方式 | D56: 预付账款 | E56: 41274 | F56: 交换空间和 | G56: f空军航空就可怜 | H56: 6274748.7 | I56: 换句话 | J56: 246001120719-00036405至246001120719-00036406 | K56: 6274748.7 | M56: =K56+L56 -> 6274748.7 | P56: 无相关发票、附件
A57: 52 | B57: 建筑工程费 | C57: 从产销方式 | D57: 预付账款 | E57: 41376 | F57: 交换空间和 | G57: f空军航空就可怜 | H57: 128404.56 | I57: 换句话 | J57: 246001120719-00044988 | K57: 128404.56 | M57: =K57+L57 -> 128404.56 | P57: 已核对，无银行回单
A58: 53 | B58: 建筑工程费 | C58: 从产销方式 | D58: 预付账款 | E58: 41376 | F58: 交换空间和 | G58: f空军航空就可怜 | H58: 582553.32 | I58: 换句话 | J58: 246001120719-00044986 | K58: 582553.32 | M58: =K58+L58 -> 582553.32 | P58: 已核对，无银行回单
A59: 54 | B59: 建筑工程费 | C59: 从产销方式 | D59: 预付账款 | E59: 41376 | F59: 交换空间和 | G59: f空军航空就可怜 | H59: 646140.6 | I59: 换句话 | J59: 246001120719-00044987 | K59: 646140.6 | M59: =K59+L59 -> 646140.6 | P59: 已核对，无银行回单
A60: 55 | B60: 建筑工程费 | C60: 从产销方式 | D60: 预付账款 | E60: 41639 | F60: 交换空间和 | G60: f空军航空就可怜 | H60: 6000000 | I60: 换句话 | J60: 246001120719-00207717 | M60: =K60+L60 -> 0 | N60: 发票标明是一期工程。不在二期成本扣除 | P60: 已核对，无银行回单
A61: 56 | B61: 建筑工程费 | C61: 从产销方式 | D61: 预付账款 | E61: 41639 | F61: 交换空间和 | G61: f空军航空就可怜 | H61: 780000 | I61: 换句话 | J61: 246001120719-00207716 | M61: =K61+L61 -> 0 | N61: 发票标明是一期工程。不在二期成本扣除 | P61: 已核对，无银行回单
A62: 57 | B62: 建筑工程费 | C62: 从产销方式 | D62: 预付账款 | E62: 41759 | F62: 交换空间和 | G62: f空军航空就可怜 | H62: 5600000 | I62: 换句话 | J62: 246001120719-00209737 | K62: 5600000 | M62: =K62+L62 -> 5600000 | P62: 已核对，无银行回单
A63: 58 | B63: 建筑工程费 | C63: 从产销方式 | D63: 预付账款 | E63: 41759 | F63: 交换空间和 | G63: f空军航空就可怜 | H63: 2000000 | I63: 换句话 | J63: 246001120719-00209811 | K63: 2000000 | M63: =K63+L63 -> 2000000 | P63: 已核对，无银行回单
A64: 59 | B64: 建筑工程费 | C64: 从产销方式 | D64: 预付账款 | E64: 41759 | F64: 交换空间和 | G64: f空军航空就可怜 | H64: 2000000 | I64: 换句话 | J64: 246001120719-00209812 | K64: 2000000 | M64: =K64+L64 -> 2000000 | P64: 已核对，无银行回单
A65: 60 | B65: 建筑工程费 | C65: 从产销方式 | D65: 预付账款 | E65: 41759 | F65: 交换空间和 | G65: f空军航空就可怜 | H65: 2800000 | I65: 换句话 | J65: 246001120719-00209829 | K65: 2800000 | M65: =K65+L65 -> 2800000 | P65: 已核对，无银行回单
A66: 61 | B66: 建筑工程费 | C66: 从产销方式 | D66: 预付账款 | E66: 41759 | F66: 交换空间和 | G66: f空军航空就可怜 | H66: 2000000 | I66: 换句话 | J66: 246001120719-00209831 | K66: 2000000 | M66: =K66+L66 -> 2000000 | P66: 已核对，无银行回单
A67: 62 | B67: 建筑工程费 | C67: 从产销方式 | D67: 预付账款 | E67: 41790 | F67: 交换空间和 | G67: f空军航空就可怜 | H67: 3200000 | I67: 换句话 | J67: 246001120719-00209866 | K67: 3200000 | M67: =K67+L67 -> 3200000 | P67: 已核对，无银行回单
A68: 63 | B68: 建筑工程费 | C68: 从产销方式 | D68: 预付账款 | E68: 41790 | F68: 交换空间和 | G68: f空军航空就可怜 | H68: 2500000 | I68: 换句话 | J68: 246001120719-00209867 | K68: 2500000 | M68: =K68+L68 -> 2500000 | P68: 已核对，无银行回单
A69: 64 | B69: 建筑工程费 | C69: 从产销方式 | D69: 预付账款 | E69: 41790 | F69: 交换空间和 | G69: f空军航空就可怜 | H69: 2000000 | I69: 换句话 | J69: 246001120719-00209868 | K69: 2000000 | M69: =K69+L69 -> 2000000 | P69: 已核对，无银行回单
A70: 65 | B70: 建筑工程费 | C70: 从产销方式 | D70: 开发成本 | E70: 42369 | F70: 交换空间和 | G70: f空军航空就可怜 | H70: -5062251.7 | I70: 换句话 | K70: -5062251.7 | M70: =K70+L70 -> -5062251.7 | O70: 会所成本 | P70: 已核对
A71: 66 | B71: 建筑工程费 | C71: 从产销方式 | D71: 开发成本 | E71: 42369 | F71: 交换空间和 | G71: f空军航空就可怜 | H71: -11992335 | I71: 换句话 | K71: -11992335 | M71: =K71+L71 -> -11992335 | O71: 配套成本 在二期一段、二段分摊 已在配套成本中列支 | P71: 已核对
A72: 67 | B72: 建筑工程费 | C72: 从产销方式 | D72: 开发成本 | E72: 42369 | F72: 交换空间和 | G72: f空军航空就可怜 | H72: -5616021.7 | I72: 换句话 | K72: -5616021.7 | M72: =K72+L72 -> -5616021.7 | O72: 商铺前道路 在二期一段、二段商铺面积分摊 已在配套成本中列支 | P72: 已核对
A73: 68 | B73: 建筑工程费 | C73: 从产销方式 | E73: 42916 | F73: 交换空间和 | G73: f空军航空就可怜 | H73: 12280532 | I73: 换句话 | J73: 03853960-03853961 | K73: 12280532 | M73: =K73+L73 -> 12280532
A74: 69 | B74: 建筑工程费 | C74: 从产销方式 | E74: 42916 | F74: 交换空间和 | G74: f空军航空就可怜 | H74: -4940000 | I74: 换句话 | M74: =K74+L74 -> 0
A75: 70 | B75: 建筑工程费 | C75: 从产销方式 | E75: 42916 | F75: 交换空间和 | G75: f空军航空就可怜 | H75: -2000000 | I75: 换句话 | M75: =K75+L75 -> 0
A76: 71 | B76: 建筑工程费 | C76: 从产销方式 | E76: 42916 | F76: 交换空间和 | G76: f空军航空就可怜 | H76: -6000000 | I76: 换句话 | M76: =K76+L76 -> 0
A77: 72 | B77: 建筑工程费 | C77: 从产销方式 | E77: 42916 | F77: 交换空间和 | G77: f空军航空就可怜 | H77: -780000 | I77: 换句话 | M77: =K77+L77 -> 0
A78: 73 | C78: 从产销方式 | F78: 交换空间和 | G78: f空军航空就可怜 | I78: 换句话
A79: 74 | C79: 从产销方式 | F79: 交换空间和 | G79: f空军航空就可怜 | I79: 换句话
A80: 75 | C80: 从产销方式 | F80: 交换空间和 | G80: f空军航空就可怜 | I80: 换句话
A81: 69 | B81: 安装工程费 | C81: 从产销方式 | F81: 交换空间和 | G81: f空军航空就可怜 | I81: 换句话 | L81: 373588 | M81: 373588
G82: f空军航空就可怜 | I82: 换句话

Sheet Sheet13
A1: 控件会价格会表
A2: =Sheet2!A2 -> 看就会立刻就会老客户考虑减 | Q2: 金额单位：元
A3: 猜测当时 | B3: 猜测当时 | C3: 猜测当时 | D3: 猜测当时 | E3: 猜测当时 | F3: 猜测当时 | G3: 猜测当时 | H3: 猜测当时 | I3: 猜测当时 | J3: 猜测当时 | K3: 猜测当时 | L3: 猜测当时 | M3: 猜测当时 | N3: 猜测当时 | O3: 猜测当时 | P3: 猜测当时 | Q3: 猜测当时 | R3: 猜测当时
C4: 合计 | F4: =SUM(F5:F17) -> 1.1374702e+08 | G4: =SUM(G5:G17) -> 1.0408553e+08 | H4: =SUM(H5:H17) -> 1.1303392e+08 | I4: =SUM(I5:I17) -> 1.014909e+08 | K4: =SUM(K5:K17) -> 1.0310658e+08 | L4: =SUM(L5:L17) -> 10640439 | M4: =SUM(M5:M17) -> 978951.21 | N4: =SUM(N5:N17) -> 9927339.4 | O4: =SUM(O5:O17) -> 0 | P4: =SUM(P5:P17) -> 89562571 | Q4: =SUM(Q5:Q17) -> 13346412
B5: 建筑工程费用 | C5: 不能吃 | E5: 空间和刻录机 | F5: 52953760 | G5: =86847152.09+12280531.9+2220 -> 99129904 | H5: =102577760.31+12280531.9-6780000 -> 1.0807829e+08 | I5: 1.014909e+08 | J5: =I5/SUM(F5:F9) -> 0.93904944 | K5: 99127684 | L5: =SUM(F5+F6+F7+F8+F9)-K5 -> 8950650.4 | M5: =G5-K5 -> 2220 | N5: =H5:H9-K5 -> 8950608.2 | O5: 0 | P5: 85407684 | Q5: 13720000 | R5: 6,780,000.00元发票标明是一期工程。6940000元发票为二期二段。
B6: 建筑工程费用 | C6: 不能吃 | E6: 空间和刻录机 | F6: 5616021.7
B7: 建筑工程费用 | C7: 不能吃 | D7: 2010 | E7: 空间和刻录机 | F7: =16291300+42.21 -> 16291342
B8: 建筑工程费用 | C8: 不能吃 | D8: 40313 | E8: 空间和刻录机 | F8: 21224876
B9: 建筑工程费用 | C9: 不能吃 | D9: 40749 | E9: 空间和刻录机 | F9: 11992335
B10: 监理费 | C10: 不能吃 | D10: 2010.04.05 | E10: 空间和刻录机 | F10: 200000 | G10: 200000 | H10: 200000 | J10: =I10/F10 -> 0 | K10: 200000 | L10: =F10-K10 -> 0 | M10: =G10-K10 -> 0 | N10: =H10-K10 -> 0 | P10: 200000
B11: 建筑工程费用 | C11: 不能吃 | D11: 2011.08.24 | E11: 空间和刻录机 | F11: 137000 | G11: 13700 | H11: 13700 | J11: =I11/F11 -> 0 | K11: 13700 | L11: =F11-K11 -> 123300 | M11: =G11-K11 -> 0 | N11: =H11-K11 -> 0 | P11: 13700
B12: 安装工程费用 | C12: 不能吃 | D12: 2010 | E12: 空间和刻录机 | F12: 150000 | G12: 150000 | H12: 150000 | J12: =I12/F12 -> 0 | K12: 150000 | L12: =F12-K12 -> 0 | M12: =G12-K12 -> 0 | N12: =H12-K12 -> 0 | P12: 150000
B13: 安装工程费用 | C13: 不能吃 | D13: 2010.07.13 | E13: 空间和刻录机 | F13: 2646000 | G13: 2646000 | H13: 2646000 | J13: =I13/F13 -> 0 | K13: 2646000 | L13: =F13-K13 -> 0 | M13: =G13-K13 -> 0 | N13: =H13-K13 -> 0 | P13: 2646000
B14: 安装工程费用 | C14: 不能吃 | D14: 2010.09.02 | E14: 空间和刻录机 | F14: =910000+304500 -> 1214500 | G14: 624742.25 | H14: 624742.25 | J14: =I14/F14 -> 0 | K14: 624742.25 | L14: =F14-K14 -> 589757.75 | M14: =G14-K14 -> 0 | N14: =H14-K14 -> 0 | P14: 624742.25
B15: 安装工程费用 | C15: 不能吃 | D15: 2010.5.28 | E15: 空间和刻录机 | F15: 1123588 | G15: 1123588 | H15: 1123588 | K15: 146856.79 | L15: =F15-K15 -> 976731.21 | M15: =G15-K15 -> 976731.21 | N15: =H15-K15 -> 976731.21 | P15: 520444.79 | Q15: -373588
B16: 安装工程费用 | C16: 不能吃 | D16: 40877 | E16: 空间和刻录机 | F16: 98800 | G16: 98800 | H16: 98800 | J16: =I16/F16 -> 0 | K16: 98800 | L16: =F16-K16 -> 0 | M16: =G16-K16 -> 0 | N16: =H16-K16 -> 0 | P16: =N16 -> 0
B17: 安装工程费用 | C17: 不能吃 | D17: 40877 | E17: 空间和刻录机 | F17: 98800 | G17: 98800 | H17: 98800 | J17: =I17/F17 -> 0 | K17: 98800 | L17: =F17-K17 -> 0 | M17: =G17-K17 -> 0 | N17: =H17-K17 -> 0 | P17: =N17 -> 0
B18: 安装工程费用 | C18: 不能吃 | D18: 40877 | E18: 空间和刻录机 | F18: 98800 | G18: 98800 | H18: 98800 | J18: =I18/F18 -> 0 | K18: 98800 | L18: =F18-K18 -> 0 | M18: =G18-K18 -> 0 | N18: =H18-K18 -> 0 | P18: =N18 -> 0
B19: 安装工程费用 | C19: 不能吃 | D19: 40877 | E19: 空间和刻录机 | F19: 98800 | G19: 98800 | H19: 98800 | J19: =I19/F19 -> 0 | K19: 98800 | L19: =F19-K19 -> 0 | M19: =G19-K19 -> 0 | N19: =H19-K19 -> 0 | P19: =N19 -> 0

Sheet Sheet14
A1: 看见了海陆空就和
A2: =Sheet2!A2 -> 看就会立刻就会老客户考虑减 | M2: 金额单位：元
A3: 序号 | B3: 序号 | C3: 序号 | D3: 序号 | E3: 序号 | F3: 序号 | G3: 序号 | H3: 序号 | I3: 序号 | J3: 序号 | K3: 序号 | L3: 序号 | M3: 序号 | N3: 序号 | O3: 序号 | P3: 序号
B4: 1 | C4: 2 | D4: 3 | E4: 4 | F4: 5 | G4: 6 | H4: 7 | I4: 8 | J4: 9 | K4: 10 | L4: 11 | M4: 12 | N4: 13
C5: 合计 | H5: =SUM(H6:H19) -> 2773755 | K5: =SUM(K6:K19) -> 2773755 | L5: =SUM(L6:L19) -> 0 | M5: =SUM(M6:M19) -> 2773755
A6: 1 | B6: 其他设施工程发生的支出 | C6: 你刚刚好 | D6: 预款 | E6: 40326 | F6: 记-0039 | G6: 钢结构控件会 | H6: 15144 | I6: 从购房购房电热毯 | J6: 146010821033-01230060 | K6: 15144 | M6: =K6+L6 -> 15144 | O6: 已核对
A7: 2 | B7: 其他设施工程发生的支出 | C7: 你刚刚好 | D7: 预款 | E7: 40543 | F7: 记-0197 | G7: 钢结构控件会 | H7: 25864 | I7: 从购房购房电热毯 | J7: 146011021033-00072133至00072136 | K7: 25864 | M7: =K7+L7 -> 25864 | O7: 已核对，手写发票，开票单位看不清，无银行回单 | P7: 发票未注明哪期
A8: 3 | B8: 供电工程支出 | C8: 你刚刚好 | D8: 预款 | E8: 40506 | F8: 记-0094 | G8: 钢结构控件会 | H8: 450000 | I8: 从购房购房电热毯 | J8: 246001001118-00207956 | K8: 450000 | M8: =K8+L8 -> 450000 | O8: 已核对，无银行回单，发票内容看不清 | P8: 发票未注明哪期
A9: 4 | B9: 供电工程支出 | C9: 你刚刚好 | D9: 预款 | E9: 40508 | F9: 记-0118 | G9: 钢结构控件会 | H9: 479565 | I9: 从购房购房电热毯 | J9: 4600071650-00558519、21至00558523 | K9: 479565 | M9: =K9+L9 -> 479565 | O9: 已核对，无银行回单 | P9: 发票未注明哪期
A10: 5 | B10: 供电工程支出 | C10: 你刚刚好 | D10: 预款 | E10: 40723 | F10: 记-0065 | G10: 钢结构控件会 | H10: 553000 | I10: 从购房购房电热毯 | J10: 246001160315-00029661 | K10: 553000 | M10: =K10+L10 -> 553000 | O10: 已核对，无银行回单 | P10: 发票未注明哪期
A11: 6 | B11: 通讯工程支出 | C11: 你刚刚好 | D11: 预款 | E11: 40807 | F11: 记-0018 | G11: 钢结构控件会 | H11: 123300 | I11: 从购房购房电热毯 | J11: 246001120719-00036002 | K11: 123300 | M11: =K11+L11 -> 123300 | O11: 已核对
A12: 7 | B12: 供电工程支出 | C12: 你刚刚好 | D12: 预款 | E12: 40833 | F12: 记-0001 | G12: 钢结构控件会 | H12: 500435 | I12: 从购房购房电热毯 | J12: 4600083650-00183994-98 | K12: 500435 | M12: =K12+L12 -> 500435 | O12: 已核对，无银行回单
A13: 8 | B13: 其他设施工程发生的支出 | C13: 你刚刚好 | D13: 预款 | E13: 40492 | F13: 记-0002 | G13: 钢结构控件会 | H13: 1244731.5 | I13: 从购房购房电热毯 | K13: 1244731.5 | M13: =K13+L13 -> 1244731.5 | O13: 已核对，未见46.4万发票，但在12.5.31#凭证调为一期成本。
A14: 9 | B14: 其他设施工程发生的支出 | C14: 你刚刚好 | D14: 预款 | E14: 40563 | F14: 记-0077 | G14: 钢结构控件会 | H14: 1244731.5 | I14: 从购房购房电热毯 | K14: 1244731.5 | M14: =K14+L14 -> 1244731.5 | O14: 已核对，未见1128731.50发票，但在12.5.31#凭证调为一期成本。
A15: 10 | B15: 其他设施工程发生的支出 | C15: 你刚刚好 | D15: 预款 | E15: 40938 | F15: 记21 | G15: 钢结构控件会 | H15: 7572 | I15: 从购房购房电热毯 | J15: 24600116015-00232265 | K15: 7572 | M15: =K15+L15 -> 7572 | O15: 二期一段的白蚁防治款应为37860
A16: 11 | B16: 其他设施工程发生的支出 | C16: 你刚刚好 | D16: 预款 | E16: 41060 | F16: 记98 | G16: 钢结构控件会 | H16: -2021744.7 | I16: 从购房购房电热毯 | K16: -2021744.7 | M16: =K16+L16 -> -2021744.7 | O16: 调整2010年11-2#和2011年1-77号
A17: 12 | B17: 供电工程支出 | C17: 你刚刚好 | D17: 预款 | E17: 41060 | F17: 记98 | G17: 钢结构控件会 | H17: -298874.81 | I17: 从购房购房电热毯 | K17: -298874.81 | M17: =K17+L17 -> -298874.81
A18: 13 | B18: 供水工程支出 | C18: 你刚刚好 | D18: 预款 | E18: 41060 | F18: 记98 | G18: 钢结构控件会 | H18: 145314.37 | I18: 从购房购房电热毯 | K18: 145314.37 | M18: =K18+L18 -> 145314.37 | O18: 一期审核报告已认定该成本 按报建面积在一、二、三期和会所之间分摊 964965.98
A19: 14 | B19: 其他设施工程发生的支出 | C19: 你刚刚好 | D19: 预款 | E19: 42369 | F19: 记170 | G19: 钢结构控件会 | H19: 304717.18 | I19: 从购房购房电热毯 | K19: 304717.18 | M19: =K19+L19 -> 304717.18 | O19: 一期审核报告已调减 调减原因是报价比企业列支的金额低

Sheet Sheet15
A1: 审核就和快乐就好看明细表
A2: =Sheet2!A2 -> 看就会立刻就会老客户考虑减 | Q2: 金额单位：元
A3: 萨尔达 | B3: 萨尔达 | C3: 萨尔达 | D3: 萨尔达 | E3: 萨尔达 | F3: 萨尔达 | G3: 萨尔达 | H3: 萨尔达 | I3: 萨尔达 | J3: 萨尔达 | K3: 萨尔达 | L3: 萨尔达 | M3: 萨尔达 | N3: 萨尔达 | O3: 萨尔达 | P3: 萨尔达 | Q3: 萨尔达 | R3: 萨尔达
C4: 合计 | F4: =SUM(F5:F8) -> 4510323 | G4: =SUM(G5:G8) -> 2457 | H4: =SUM(H5:H8) -> 2024580 | I4: =SUM(I5:I8) -> 0 | K4: =SUM(K5:K8) -> 774892.45 | L4: =SUM(L5:L8) -> 3735430.5 | M4: =SUM(M5:M8) -> -772435.45 | N4: =SUM(N5:N8) -> 1249687.6 | O4: =SUM(O5:O8) -> -1249687.6 | P4: =SUM(P5:P8) -> 2024580 | Q4: =SUM(Q5:Q8) -> 7000
B5: 其他设施工程发生的支出 | C5: 会尽快和 | D5: 2010.05.13 | E5: 高合金钢 | F5: 37860 | G5: 2232 | H5: 41580 | J5: =I5/F5 -> 0 | K5: =G5 -> 2232 | L5: =F5-K5 -> 35628 | M5: =G5-K5 -> 0 | N5: =H5-K5 -> 39348 | O5: =I5-N5 -> -39348 | P5: =H5 -> 41580 | Q5: 7000
B6: 供电工程支出 | C6: 会尽快和 | D6: 2010.10.15 | E6: 高合金钢 | F6: 1430000 | G6: 3 | H6: 1430000 | J6: =I6/F6 -> 0 | K6: =G6 -> 3 | L6: =F6-K6 -> 1429997 | M6: =G6-K6 -> 0 | N6: =H6-K6 -> 1429997 | O6: =I6-N6 -> -1429997 | P6: =H6 -> 1430000
B7: 供电工程支出 | C7: 会尽快和 | D7: 2010.12.22 | E7: 高合金钢 | F7: 553000 | G7: 222 | H7: 553000 | J7: =I7/F7 -> 0 | K7: =G7 -> 222 | L7: =F7-K7 -> 552778 | M7: =G7-K7 -> 0 | N7: =H7-K7 -> 552778 | O7: =I7-N7 -> -552778 | P7: =H7 -> 553000
B8: 其他设施工程发生的支出 | C8: 会尽快和 | D8: 2010.09.05 | E8: 高合金钢 | F8: 2489463 | J8: =I8/F8 -> 0 | K8: 772435.45 | L8: =F8-K8 -> 1717027.6 | M8: =G8-K8 -> -772435.45 | N8: =H8-K8 -> -772435.45 | O8: =I8-N8 -> 772435.45 | P8: 0

Sheet Sheet16
A1: 公共配套会尽快交换空间和费审核明细表
A2: =Sheet2!A2 -> 看就会立刻就会老客户考虑减 | M2: 金额单位：元
A3: 和股份 | B3: 和股份 | C3: 和股份 | D3: 和股份 | E3: 和股份 | F3: 和股份 | G3: 和股份 | H3: 和股份 | I3: 和股份 | J3: 和股份 | K3: 和股份 | L3: 和股份 | M3: 和股份 | N3: 和股份
B4: 1 | C4: 2 | D4: 3 | E4: 4 | F4: 5 | G4: 6 | H4: 7 | I4: 8 | J4: 9 | K4: 10 | L4: 11 | M4: 12 | N4: 13
C5: 合计 | H5: =SUM(H6:H9) -> 9960165.6 | K5: =SUM(K6:K9) -> 9960165.6 | L5: =SUM(L6:L9) -> 1379002.4 | M5: =SUM(M6:M9) -> 11339168
A6: 1 | B6: 游泳池 | C6: kjh | D6: 预付账款 | E6: 40480 | F6: 记-0079 | G6: 湖广会馆 | H6: 340262 | I6: 海南省地方税务局代开发票 | J6: 246001001118-00205274 | K6: 340262 | M6: =K6+L6 -> 340262 | O6: 未见发票
A7: 2 | B7: 其他非营业性公共设施费 | C7: kjh | D7: 开发成本 | E7: 42369 | F7: 记-0173 | G7: 湖广会馆 | H7: 6584892.9 | I7: 分摊表 | K7: 6584892.9 | M7: =K7+L7 -> 6584892.9 | O7: 从建安成本调整过来
A8: 3 | B8: 其他非营业性公共设施费 | C8: kjh | D8: 开发成本 | E8: 42369 | F8: 记-0174 | G8: 湖广会馆 | H8: 1795667.4 | I8: 分摊表 | K8: 1795667.4 | L8: 1379002.4 | M8: =K8+L8 -> 3174669.8 | O8: 从建安成本调整过来
A9: 4 | B9: 会馆 | D9: 开发成本 | G9: 湖广会馆 | H9: 1239343.3 | I9: 分摊表 | K9: 1239343.3 | M9: =K9+L9 -> 1239343.3

Sheet Sheet17
A1: knjkljkl
A2: vgkjgv计划给和空格 | B2: vgkjgv计划给和空格 | C2: vgkjgv计划给和空格 | D2: vgkjgv计划给和空格
A3: jj; | B3: 32711.32 | C3: 24587.6 | D3: =SUM(B3:C3) -> 57298.92
A4: jj; | B4: =B3/D3 -> 0.57088895 | C4: =C3/D3 -> 0.42911105 | D4: =SUM(B4:C4) -> 1
A5: jj; | B5: 6584892.9 | C5: =D5-B5 -> 4949562.2 | D5: 11534455

Sheet Sheet18
A1: 很快就后
A2: 几乎 | B2: 几乎 | C2: 几乎 | D2: 几乎
A3: 和感觉和 | B3: 694.37 | C3: 1477.3 | D3: =SUM(B3:C3) -> 2171.67
A4: 和感觉和 | B4: =B3/D3 -> 0.31974011 | C4: =C3/D3 -> 0.68025989 | D4: =SUM(B4:C4) -> 1
A5: 和感觉和 | B5: 40045.53 | C5: 85198.47 | D5: 125244
A6: 和感觉和 | B6: 32711.32 | C6: 24587.6 | D6: =B6+C6 -> 57298.92
A7: 和感觉和 | B7: =B6/D6 -> 0.57088895 | C7: =C6/D6 -> 0.42911105 | D7: =B7+C7 -> 1
A8: 和感觉和 | B8: 3134624.3 | C8: =D8-B8 -> 2356153.4 | D8: 5490777.7
A9: 和感觉和 | B9: =B5+B8 -> 3174669.8 | C9: =C5+C8 -> 2441351.9 | D9: =D5+D8 -> 5616021.7

Sheet Sheet19
A1: 结核杆菌
A2: 日期 | B2: 日期 | C2: 日期 | D2: 日期 | E2: 日期 | F2: 日期 | G2: 日期
A3: 41060 | B3: 98 | C3: 讲话稿 | D3: 2094.16 | E3: 0 | F3: =D3+E3 -> 2094.16 | G3: 会尽快和
A4: 41060 | B4: 98 | C4: 讲话稿 | D4: 73568.05 | F4: =D4+E4 -> 73568.05 | G4: 会尽快和
A5: 41274 | B5: 119 | C5: 讲话稿 | D5: -10299.65 | F5: =D5+E5 -> -10299.65 | G5: 会尽快和
A6: 42369 | B6: 172 | C6: 讲话稿 | D6: -24317.76 | F6: =D6+E6 -> -24317.76 | G6: 会尽快和
A7: 41060 | B7: 98 | C7: 讲话稿 | D7: 7596.96 | F7: =D7+E7 -> 7596.96 | G7: 会尽快和
A8: 40298 | B8: 20 | C8: 讲话稿 | D8: 25651.95 | F8: =D8+E8 -> 25651.95 | G8: 会尽快和
A9: 40755 | B9: 76 | C9: 讲话稿 | D9: 12000 | F9: =D9+E9 -> 12000 | G9: 会尽快和
A10: 40807 | B10: 16 | C10: 讲话稿 | D10: 3000 | F10: =D10+E10 -> 3000 | G10: 会尽快和
A11: 40875 | B11: 40 | C11: 讲话稿 | D11: 30000 | F11: =D11+E11 -> 30000 | G11: 会尽快和
A12: 41243 | B12: 46 | C12: 讲话稿 | D12: 482000 | F12: =D12+E12 -> 482000 | G12: 会尽快和
A13: 41243 | B13: 61 | C13: 讲话稿 | D13: 10000 | F13: =D13+E13 -> 10000 | G13: 会尽快和
A14: 41274 | B14: 10 | C14: 讲话稿 | D14: 335000 | F14: =D14+E14 -> 335000 | G14: 会尽快和
A15: 41274 | B15: 78 | C15: 讲话稿 | D15: 1781.39 | F15: =D15+E15 -> 1781.39 | G15: 会尽快和
A16: 41274 | B16: 119 | C16: 讲话稿 | D16: 19839.38 | F16: =D16+E16 -> 19839.38 | G16: 会尽快和
A17: 41333 | B17: 20 | C17: 讲话稿 | D17: 5730 | E17: -5730 | F17: =D17+E17 -> 0 | G17: 会尽快和
A18: 41333 | B18: 20 | C18: 讲话稿 | D18: 2210 | E18: -2210 | F18: =D18+E18 -> 0 | G18: 会尽快和
A19: 41364 | B19: 7 | C19: 讲话稿 | D19: 1035 | E19: -1035 | F19: =D19+E19 -> 0 | G19: 会尽快和
A20: 41364 | B20: 35 | C20: 讲话稿 | D20: 1016 | E20: -1016 | F20: =D20+E20 -> 0 | G20: 会尽快和
A21: 41364 | B21: 55 | C21: 讲话稿 | D21: 4940 | F21: =D21+E21 -> 4940 | G21: 会尽快和
A22: 41364 | B22: 68 | C22: 讲话稿 | D22: 99990 | F22: =D22+E22 -> 99990 | G22: 会尽快和
A23: 41364 | B23: 68 | C23: 讲话稿 | D23: 22010 | F23: =D23+E23 -> 22010 | G23: 会尽快和
A24: 41759 | B24: 83 | C24: 讲话稿 | D24: 8000 | F24: =D24+E24 -> 8000 | G24: 会尽快和
A25: 41943 | B25: 34 | C25: 讲话稿 | D25: 130500 | F25: =D25+E25 -> 130500 | G25: 会尽快和
A26: 42369 | B26: 172 | C26: 讲话稿 | D26: 5062251.7 | F26: =D26+E26 -> 5062251.7 | G26: 会尽快和
A27: 42369 | B27: 173 | C27: 讲话稿 | D27: 457879.7 | F27: =D27+E27 -> 457879.7 | G27: 会尽快和
A28: 合计 | D28: =SUM(D3:D27) -> 6763476.9 | E28: =SUM(E3:E27) -> -9991 | F28: =SUM(F3:F27) -> 6753485.9 | G28: 会尽快和

Sheet Sheet20
A1: 好几个科技馆和
A2: 项目 | B2: 项目 | C2: 项目 | D2: 项目 | E2: 项目
A3: 项目 | B3: 32711.32 | C3: 24587.6 | D3: 121216.8 | E3: =SUM(B3:D3) -> 178515.72
A4: 项目 | B4: =B3/E3 -> 0.18324056 | C4: =C3/E3 -> 0.13773353 | D4: =D3/E3 -> 0.67902591 | E4: =SUM(B4:D4) -> 1
A5: 项目 | B5: 1237512.5 | C5: 930181.44 | D5: =E5-B5-C5 -> 4585791.9 | E5: =Sheet19!F28 -> 6753485.9

Sheet Sheet21
A1: 公共配套费合同审核明细表
A2: =#REF! -> #REF! | Q2: 金额单位：元
A3: 成本项目 | B3: 成本类别 | C3: 对方单位 | D3: 签订时间 | E3: 合同内容 | F3: 合同金额 | G3: 付款金额 | H3: 发票金额 | I3: 决算金额 | J3: 决算与合同差异比 | K3: 企业申报金额汇总 | L3: 合同金额与企业申报差异金额 | M3: 付款与企业申报差异金额 | N3: 发票与企业申报金额差异 | O3: 决算与企业申报差异金额 | P3: 审定数 | Q3: 调减金额 | R3: 审核说明
C4: 合计 | F4: =SUM(F5:F7) -> 0 | G4: =SUM(G5:G7) -> 0 | H4: =SUM(H5:H7) -> 0 | I4: =SUM(I5:I7) -> 0 | K4: =SUM(K5:K7) -> 0 | L4: =SUM(L5:L7) -> 0 | M4: =SUM(M5:M7) -> 0 | N4: =SUM(N5:N7) -> 0 | O4: =SUM(O5:O7) -> 0 | P4: =SUM(P5:P7) -> 0 | Q4: =SUM(Q5:Q7) -> 0
J5: =I5/F5 -> #DIV/0! | L5: =F5-K5 -> 0 | M5: =G5-K5 -> 0 | N5: =H5-K5 -> 0
J6: =I6/F6 -> #DIV/0! | L6: =F6-K6 -> 0 | M6: =G6-K6 -> 0 | N6: =H6-K6 -> 0
J7: =I7/F7 -> #DIV/0! | L7: =F7-K7 -> 0 | M7: =G7-K7 -> 0 | N7: =H7-K7 -> 0 | O7: =I7-K7 -> 0

Sheet Sheet22
A1: 共和国房价和
A2: =Sheet2!A2 -> 看就会立刻就会老客户考虑减 | M2: 金额单位：元
A3: 序号 | B3: 序号 | C3: 序号 | D3: 序号 | E3: 序号 | F3: 序号 | G3: 序号 | H3: 序号 | I3: 序号 | J3: 序号 | K3: 序号 | L3: 序号 | M3: 序号 | N3: 序号 | O3: 序号
B4: 1 | C4: 2 | D4: 3 | E4: 4 | F4: 5 | G4: 6 | H4: 7 | I4: 8 | J4: 9 | K4: 10 | L4: 11 | M4: 12 | N4: 13
C5: 合计 | H5: =SUM(H6:H69) -> 1107915.6 | I5: =SUM(I6:I69) -> 0 | K5: =SUM(K6:K69) -> 1107915.6 | L5: =SUM(L6:L69) -> 0 | M5: =SUM(M6:M69) -> 1107915.6
A6: 1 | B6: 管理人员工资 | C6: 规划局和 | D6: 极乐空间 | E6: 40540 | F6: 记-0129 | G6: 空军航空就 | H6: 27200 | I6: 考虑减了 | K6: 27200 | M6: =K6+L6 -> 27200 | O6: 无工资明细表
A7: 2 | B7: 管理人员工资 | C7: 规划局和 | D7: 极乐空间 | E7: 40565 | F7: 记-0090 | G7: 空军航空就 | H7: 27200 | I7: 考虑减了 | K7: 27200 | M7: =K7+L7 -> 27200 | O7: 无工资明细表
A8: 3 | B8: 管理人员工资 | C8: 规划局和 | D8: 极乐空间 | E8: 40569 | F8: 记-0102 | G8: 空军航空就 | H8: 27200 | I8: 考虑减了 | K8: 27200 | M8: =K8+L8 -> 27200 | O8: 无工资明细表
A9: 4 | B9: 管理人员工资 | C9: 规划局和 | D9: 极乐空间 | E9: 40600 | F9: 记-0045 | G9: 空军航空就 | H9: 27200 | I9: 考虑减了 | K9: 27200 | M9: =K9+L9 -> 27200 | O9: 无工资明细表
A10: 5 | B10: 管理人员工资 | C10: 规划局和 | D10: 极乐空间 | E10: 40632 | F10: 记-0080 | G10: 空军航空就 | H10: 27500 | I10: 考虑减了 | K10: 27500 | M10: =K10+L10 -> 27500 | O10: 无工资明细表
A11: 6 | B11: 管理人员工资 | C11: 规划局和 | D11: 极乐空间 | E11: 40661 | F11: 记-0071 | G11: 空军航空就 | H11: 24000 | I11: 考虑减了 | K11: 24000 | M11: =K11+L11 -> 24000 | O11: 无工资明细表
A12: 7 | B12: 管理人员工资 | C12: 规划局和 | D12: 极乐空间 | E12: 40694 | F12: 记-0084 | G12: 空军航空就 | H12: 25500 | I12: 考虑减了 | K12: 25500 | M12: =K12+L12 -> 25500 | O12: 无工资明细表
A13: 8 | B13: 管理人员工资 | C13: 规划局和 | D13: 极乐空间 | E13: 40723 | F13: 记-0073 | G13: 空军航空就 | H13: 25500 | I13: 考虑减了 | K13: 25500 | M13: =K13+L13 -> 25500 | O13: 无工资明细表
A14: 9 | B14: 管理人员工资 | C14: 规划局和 | D14: 极乐空间 | E14: 40755 | F14: 记-0100 | G14: 空军航空就 | H14: 25500 | I14: 考虑减了 | K14: 25500 | M14: =K14+L14 -> 25500 | O14: 无工资明细表
A15: 10 | B15: 管理人员工资 | C15: 规划局和 | D15: 极乐空间 | E15: 40786 | F15: 记-0116 | G15: 空军航空就 | H15: 25500 | I15: 考虑减了 | K15: 25500 | M15: =K15+L15 -> 25500 | O15: 无工资明细表
A16: 11 | B16: 管理人员工资 | C16: 规划局和 | D16: 极乐空间 | E16: 40813 | F16: 记-0053 | G16: 空军航空就 | H16: 36200 | I16: 考虑减了 | K16: 36200 | M16: =K16+L16 -> 36200 | O16: 无工资明细表
A17: 12 | B17: 管理人员工资 | C17: 规划局和 | D17: 极乐空间 | E17: 40842 | F17: 记-0048 | G17: 空军航空就 | H17: 36200 | I17: 考虑减了 | K17: 36200 | M17: =K17+L17 -> 36200 | O17: 无工资明细表
... A68: 63 | B68: 其他间接费用 | C68: 规划局和 | D68: 极乐空间 | E68: 40574 | F68: 记-0115 | G68: 空军航空就 | H68: 100000 | I68: 考虑减了 | K68: 100000 | M68: =K68+L68 -> 100000 | O68: 已核对
A69: 64 | B69: 其他间接费用 | C69: 规划局和 | D69: 极乐空间 | E69: 40723 | F69: 记-0086 | G69: 空军航空就 | H69: 100000 | I69: 考虑减了 | J69: 246001072524-00025983 | K69: 100000 | M69: =K69+L69 -> 100000 | O69: 已核对，无合同，企业未提供

Sheet Sheet23
A1: 分摊明细表
A2: 纳税人名称：jhjhg花好几个园实 | G2: 金额单位：元
A3: 年度 | B3: 年度 | C3: 年度 | D3: 年度 | E3: 年度 | F3: 年度 | G3: 分摊
D4: =B4+C4 -> 0 | E4: 0
D5: =B5+C5 -> 0 | E5: =D5*0.1633 -> 0 | F5: =D5*0.4318 -> 0 | G5: =D5*0.4049 -> 0
D6: =B6+C6 -> 0 | E6: =D6*0.1633 -> 0 | F6: =D6*0.4318 -> 0 | G6: =D6*0.4049 -> 0
D7: =B7+C7 -> 0 | E7: =D7*0.1633 -> 0 | F7: =D7*0.4318 -> 0 | G7: =D7*0.4049 -> 0
D8: =B8+C8 -> 0 | E8: =D8*0.1633 -> 0 | F8: =D8*0.4318 -> 0 | G8: =D8*0.4049 -> 0
D9: =B9+C9 -> 0 | E9: =D9*0.1633 -> 0 | F9: =D9*0.4318 -> 0 | G9: =D9*0.4049 -> 0
D10: =SUM(D4:D9) -> 0 | E10: =SUM(E4:E9) -> 0 | F10: =SUM(F4:F9) -> 0 | G10: =SUM(G4:G9) -> 0

Sheet Sheet24
A1: 发票抽查审核明细表
A2: =Sheet2!A2 -> 看就会立刻就会老客户考虑减 | F2: 金额单位：元
A3: 序号 | B3: 序号 | C3: 序号 | D3: 序号 | E3: 序号 | F3: 序号
A4: 1 | B4: 钢结构 | C4: 6358000 | D4: 2135665351 | E4: 12321 | F4: 26009321
A5: 2 | B5: 钢结构 | C5: 2793000 | D5: 2135665351 | E5: 12322 | F5: 04712838
A6: 3 | B6: 钢结构 | C6: 3310000 | D6: 2135665351 | E6: 12323 | F6: 26881730
A7: 4 | B7: 钢结构 | C7: 700000 | D7: 2135665351 | E7: 12324 | F7: 68386883
A8: 5 | B8: 钢结构 | C8: 990000 | D8: 2135665351 | E8: 12325 | F8: 14112702
A9: 6 | B9: 钢结构 | C9: 116000 | D9: 2135665351 | E9: 12326
A10: 7 | B10: 钢结构 | C10: 116000 | D10: 2135665351 | E10: 12327
A11: 8 | B11: 钢结构 | C11: 116000 | D11: 2135665351 | E11: 12328
A12: 9 | B12: 钢结构 | C12: 116000 | D12: 2135665351 | E12: 12329
A13: 10 | B13: 钢结构 | C13: 116000 | D13: 2135665351 | E13: 12330
A14: 11 | B14: 钢结构 | C14: 116000 | D14: 2135665351 | E14: 12331
A15: 12 | B15: 钢结构 | C15: 116000 | D15: 2135665351 | E15: 12332
A16: 13 | B16: 钢结构 | C16: 84731.5 | D16: 2135665351 | E16: 12333
A17: 14 | B17: 钢结构 | C17: 113920 | D17: 2135665351 | E17: 12334
A18: 15 | B18: 钢结构 | C18: 113920 | D18: 2135665351 | E18: 12335
A19: 16 | B19: 钢结构 | C19: 113920 | D19: 2135665351 | E19: 12336

Sheet Sheet25
A1: 营业税金缴纳情况表
A2: =Sheet2!A2 -> 看就会立刻就会老客户考虑减 | L2: 金额单位：元
A3: 序号 | B3: 基金会 | D3: 狗汉奸 | G3: 空军航空就 | L3: 看见好看的就 | M3: 拉开距离
B4: 日期 | C4: 日期 | D4: 日期 | E4: 日期 | F4: 日期 | G4: 日期 | H4: 日期 | I4: 日期 | J4: 日期 | K4: 日期
B5: 1 | C5: 2 | D5: 3 | E5: 4 | F5: 5 | G5: 6 | H5: 7 | I5: 8 | J5: 9 | K5: 10 | L5: 11
B6: 合计 | F6: =SUM(F7:F150) -> 20579412 | G6: =SUM(G7:G150) -> 7707666.2 | H6: =SUM(H7:H150) -> 409975.81 | I6: =SUM(I7:I150) -> 245228.69 | J6: =SUM(J7:J150) -> 161180.27 | K6: =SUM(K7:K150) -> 8524051
A7: 1 | B7: 40415 | C7: 记19 | D7: 40401 | E7: 考虑减了 | F7: 45621.08 | G7: 41854.2 | H7: 2092.71 | I7: 1255.63 | K7: =G7+H7+I7+J7 -> 45202.54
A8: 2 | B8: 40421 | C8: 记112 | D8: 40420 | E8: 考虑减了 | F8: 23815.51 | G8: 22051.4 | H8: 1102.57 | I8: 661.54 | K8: =G8+H8+I8+J8 -> 23815.51
A9: 3 | B9: 40441 | C9: 记50 | D9: 40440 | E9: 考虑减了 | F9: 52373.36 | G9: 48493.85 | H9: 2424.69 | I9: 1454.82 | K9: =G9+H9+I9+J9 -> 52373.36
A10: 4 | B10: 40473 | C10: 记36 | D10: 40470 | E10: 考虑减了 | F10: 28177.09 | G10: 25851.35 | H10: 1292.57 | I10: 775.94 | K10: =G10+H10+I10+J10 -> 27919.86
A11: 5 | B11: 40533 | C11: 记108 | D11: 40532 | E11: 考虑减了 | F11: 533474.37 | G11: 40114.65 | H11: 2005.73 | I11: 1203.44 | K11: =G11+H11+I11+J11 -> 43323.82
A12: 6 | B12: 40654 | C12: 记45 | D12: 40652 | E12: 考虑减了 | F12: 222430.27 | G12: 5140.65 | K12: =G12+H12+I12+J12 -> 5140.65
A13: 7 | B13: 40654 | C13: 记45 | D13: 40652 | E13: 考虑减了 | F13: 11121.51 | H13: 257.03 | K13: =G13+H13+I13+J13 -> 257.03
A14: 8 | B14: 40654 | C14: 记45 | D14: 40652 | E14: 考虑减了 | F14: 6672.91 | I14: 154.22 | K14: =G14+H14+I14+J14 -> 154.22
A15: 9 | B15: 40654 | C15: 记45 | D15: 40652 | E15: 考虑减了 | F15: 4448.61 | J15: 102.81 | K15: =G15+H15+I15+J15 -> 102.81
A16: 10 | B16: 40689 | C16: 记59 | D16: 40688 | E16: 考虑减了 | F16: 27205.25 | G16: 27205.25 | K16: =G16+H16+I16+J16 -> 27205.25
A17: 11 | B17: 40689 | C17: 记59 | D17: 40688 | E17: 考虑减了 | F17: 1360.25 | H17: 1360.26 | K17: =G17+H17+I17+J17 -> 1360.26
A18: 12 | B18: 40689 | C18: 记59 | D18: 40688 | E18: 考虑减了 | F18: 816.16 | I18: 816.16 | K18: =G18+H18+I18+J18 -> 816.16
A19: 13 | B19: 40689 | C19: 记59 | D19: 40688 | E19: 考虑减了 | F19: 544.11 | J19: 544.11 | K19: =G19+H19+I19+J19 -> 544.11
A20: 14 | B20: 40686 | C20: 记36 | D20: 40679 | E20: 考虑减了 | F20: 1203652.3 | G20: 1078023.8 | K20: =G20+H20+I20+J20 -> 1078023.8
A21: 15 | B21: 40686 | C21: 记36 | D21: 40679 | E21: 考虑减了 | F21: 60162.62 | H21: 53901.19 | K21: =G21+H21+I21+J21 -> 53901.19
A22: 16 | B22: 40686 | C22: 记36 | D22: 40679 | E22: 考虑减了 | I22: 32340.71 | K22: =G22+H22+I22+J22 -> 32340.71
A23: 17 | B23: 40686 | C23: 记36 | D23: 40679 | E23: 考虑减了 | F23: 24073.05 | J23: 21560.48 | K23: =G23+H23+I23+J23 -> 21560.48
A24: 18 | B24: 40715 | C24: 记45 | D24: 40710 | E24: 考虑减了 | F24: 110980.6 | G24: 110980.6 | K24: =G24+H24+I24+J24 -> 110980.6
A25: 19 | B25: 40715 | C25: 记45 | D25: 40710 | E25: 考虑减了 | F25: 5549.03 | H25: 5549.03 | K25: =G25+H25+I25+J25 -> 5549.03
A26: 20 | B26: 40715 | C26: 记45 | D26: 40710 | E26: 考虑减了 | F26: 3329.42 | I26: 3329.42 | K26: =G26+H26+I26+J26 -> 3329.42
A27: 21 | B27: 40715 | C27: 记45 | D27: 40710 | E27: 考虑减了 | F27: 2219.61 | J27: 2219.61 | K27: =G27+H27+I27+J27 -> 2219.61
A28: 22 | B28: 40746 | C28: 记47 | D28: 40738 | E28: 考虑减了 | F28: 37253.9 | G28: 22830.15 | K28: =G28+H28+I28+J28 -> 22830.15
A29: 23 | B29: 40746 | C29: 记47 | D29: 40738 | E29: 考虑减了 | F29: 1862.7 | H29: 1141.51 | K29: =G29+H29+I29+J29 -> 1141.51
A30: 24 | B30: 40746 | C30: 记47 | D30: 40738 | E30: 考虑减了 | F30: 1117.62 | I30: 684.9 | K30: =G30+H30+I30+J30 -> 684.9
A31: 25 | B31: 40746 | C31: 记47 | D31: 40738 | E31: 考虑减了 | F31: 745.08 | J31: 456.6 | K31: =G31+H31+I31+J31 -> 456.6
A32: 26 | B32: 40755 | C32: 记85 | D32: 40745 | E32: 考虑减了 | F32: 100799.35 | G32: 100799.35 | K32: =G32+H32+I32+J32 -> 100799.35
A33: 27 | B33: 40755 | C33: 记85 | D33: 40745 | E33: 考虑减了 | F33: 5039.97 | H33: 5039.97 | K33: =G33+H33+I33+J33 -> 5039.97
A34: 28 | B34: 40755 | C34: 记85 | D34: 40745 | E34: 考虑减了 | F34: 3023.98 | I34: 3023.98 | K34: =G34+H34+I34+J34 -> 3023.98
A35: 29 | B35: 40755 | C35: 记85 | D35: 40745 | E35: 考虑减了 | F35: 2015.99 | J35: 2015.99 | K35: =G35+H35+I35+J35 -> 2015.99
A36: 30 | B36: 40767 | C36: 记38 | D36: 40760 | E36: 考虑减了 | F36: 385500.5 | G36: 385500.5 | K36: =G36+H36+I36+J36 -> 385500.5
A37: 31 | B37: 40767 | C37: 记38 | D37: 40760 | E37: 考虑减了 | F37: 19275.03 | H37: 19275.03 | K37: =G37+H37+I37+J37 -> 19275.03
A38: 32 | B38: 40767 | C38: 记38 | D38: 40760 | E38: 考虑减了 | F38: 11565.02 | I38: 11565.02 | K38: =G38+H38+I38+J38 -> 11565.02
A39: 33 | B39: 40767 | C39: 记38 | D39: 40760 | E39: 考虑减了 | F39: 7710.01 | J39: 7710.01 | K39: =G39+H39+I39+J39 -> 7710.01
A40: 34 | B40: 40807 | C40: 记21 | D40: 40800 | E40: 考虑减了 | F40: 414636.25 | G40: 414636.25 | K40: =G40+H40+I40+J40 -> 414636.25
A41: 35 | B41: 40807 | C41: 记21 | D41: 40800 | E41: 考虑减了 | F41: 20731.81 | H41: 20731.81 | K41: =G41+H41+I41+J41 -> 20731.81
A42: 36 | B42: 40807 | C42: 记21 | D42: 40800 | E42: 考虑减了 | F42: 12439.09 | I42: 12439.09 | K42: =G42+H42+I42+J42 -> 12439.09
A43: 37 | B43: 40807 | C43: 记21 | D43: 40800 | E43: 考虑减了 | F43: 8292.73 | J43: 8292.73 | K43: =G43+H43+I43+J43 -> 8292.73
A44: 38 | B44: 40816 | C44: 记70 | D44: 40814 | E44: 考虑减了 | F44: 455735.05 | G44: 455735.05 | K44: =G44+H44+I44+J44 -> 455735.05
A45: 39 | B45: 40816 | C45: 记70 | D45: 40814 | E45: 考虑减了 | F45: 22786.75 | H45: 22786.75 | K45: =G45+H45+I45+J45 -> 22786.75
A46: 40 | B46: 40816 | C46: 记70 | D46: 40814 | E46: 考虑减了 | F46: 13672.05 | I46: 13672.05 | K46: =G46+H46+I46+J46 -> 13672.05
A47: 41 | B47: 40816 | C47: 记70 | D47: 40814 | E47: 考虑减了 | F47: 9114.7 | J47: 9114.7 | K47: =G47+H47+I47+J47 -> 9114.7
A48: 42 | B48: 40858 | C48: 记19 | D48: 40858 | E48: 考虑减了 | F48: 172577.85 | G48: 172577.85 | K48: =G48+H48+I48+J48 -> 172577.85
A49: 43 | B49: 40858 | C49: 记19 | D49: 40858 | E49: 考虑减了 | F49: 8628.89 | H49: 8628.89 | K49: =G49+H49+I49+J49 -> 8628.89
A50: 44 | B50: 40858 | C50: 记19 | D50: 40858 | E50: 考虑减了 | F50: 5177.34 | I50: 5177.34 | K50: =G50+H50+I50+J50 -> 5177.34
A51: 45 | B51: 40858 | C51: 记19 | D51: 40858 | E51: 考虑减了 | F51: 3451.56 | J51: 3451.56 | K51: =G51+H51+I51+J51 -> 3451.56
A52: 46 | B52: 40890 | C52: 记12 | D52: 40884 | E52: 考虑减了 | F52: 302841.35 | G52: 302841.35 | K52: =G52+H52+I52+J52 -> 302841.35
A53: 47 | B53: 40890 | C53: 记12 | D53: 40884 | E53: 考虑减了 | F53: 15142.07 | H53: 15142.07 | K53: =G53+H53+I53+J53 -> 15142.07
A54: 48 | B54: 40890 | C54: 记12 | D54: 40884 | E54: 考虑减了 | F54: 9085.24 | I54: 9085.24 | K54: =G54+H54+I54+J54 -> 9085.24
A55: 49 | B55: 40890 | C55: 记12 | D55: 40884 | E55: 考虑减了 | F55: 6056.83 | J55: 6056.83 | K55: =G55+H55+I55+J55 -> 6056.83
A56: 50 | B56: 40938 | C56: 记17 | D56: 40917 | E56: 考虑减了 | F56: 374131.3 | G56: 374131.3 | K56: =G56+H56+I56+J56 -> 374131.3
A57: 51 | B57: 40938 | C57: 记17 | D57: 40917 | E57: 考虑减了 | F57: 18706.57 | H57: 18706.57 | K57: =G57+H57+I57+J57 -> 18706.57
A58: 52 | B58: 40938 | C58: 记17 | D58: 40917 | E58: 考虑减了 | F58: 11223.94 | I58: 11223.94 | K58: =G58+H58+I58+J58 -> 11223.94
A59: 53 | B59: 40938 | C59: 记17 | D59: 40917 | E59: 考虑减了 | F59: 7482.63 | J59: 7482.63 | K59: =G59+H59+I59+J59 -> 7482.63
A60: 54 | B60: 2012-2-30 | C60: 记3 | D60: 40949 | E60: 考虑减了 | F60: 189901.65 | G60: 189901.65 | K60: =G60+H60+I60+J60 -> 189901.65
A61: 55 | B61: 2012-2-30 | C61: 记3 | D61: 40949 | E61: 考虑减了 | F61: 9495.08 | H61: 9495.08 | K61: =G61+H61+I61+J61 -> 9495.08
A62: 56 | B62: 2012-2-30 | C62: 记3 | D62: 40949 | E62: 考虑减了 | F62: 5697.05 | I62: 5697.05 | K62: =G62+H62+I62+J62 -> 5697.05
A63: 57 | B63: 2012-2-30 | C63: 记3 | D63: 40949 | E63: 考虑减了 | F63: 3798.03 | J63: 3798.03 | K63: =G63+H63+I63+J63 -> 3798.03
A64: 58 | B64: 40998 | C64: 记33 | D64: 40983 | E64: 考虑减了 | F64: 74686.7 | G64: 74686.7 | K64: =G64+H64+I64+J64 -> 74686.7
A65: 59 | B65: 40998 | C65: 记33 | D65: 40983 | E65: 考虑减了 | F65: 3734.34 | H65: 3734.34 | K65: =G65+H65+I65+J65 -> 3734.34
A66: 60 | B66: 40998 | C66: 记33 | D66: 40983 | E66: 考虑减了 | F66: 2240.6 | I66: 2240.6 | K66: =G66+H66+I66+J66 -> 2240.6
A67: 61 | B67: 40998 | C67: 记33 | D67: 40983 | E67: 考虑减了 | F67: 1493.73 | J67: 1493.73 | K67: =G67+H67+I67+J67 -> 1493.73
A68: 62 | B68: 41029 | C68: 记9 | D68: 41012 | E68: 考虑减了 | F68: 61588.6 | K68: =G68+H68+I68+J68 -> 0
A69: 63 | B69: 41029 | C69: 记9 | D69: 41012 | E69: 考虑减了 | F69: 3079.43 | H69: 3079.43 | K69: =G69+H69+I69+J69 -> 3079.43
A70: 64 | B70: 41029 | C70: 记9 | D70: 41012 | E70: 考虑减了 | F70: 1847.66 | I70: 1847.66 | K70: =G70+H70+I70+J70 -> 1847.66
A71: 65 | B71: 41029 | C71: 记9 | D71: 41012 | E71: 考虑减了 | F71: 1231.77 | J71: 1231.77 | K71: =G71+H71+I71+J71 -> 1231.77
A72: 66 | B72: 41029 | C72: 记10 | D72: 41011 | E72: 考虑减了 | F72: 9592.05 | G72: 9592.05 | K72: =G72+H72+I72+J72 -> 9592.05
A73: 67 | B73: 41029 | C73: 记10 | D73: 41011 | E73: 考虑减了 | F73: 479.6 | H73: 479.6 | K73: =G73+H73+I73+J73 -> 479.6
A74: 68 | B74: 41029 | C74: 记10 | D74: 41011 | E74: 考虑减了 | F74: 287.76 | I74: 287.76 | K74: =G74+H74+I74+J74 -> 287.76
A75: 69 | B75: 41029 | C75: 记10 | D75: 41011 | E75: 考虑减了 | F75: 191.84 | J75: 191.84 | K75: =G75+H75+I75+J75 -> 191.84
A76: 70 | B76: 41029 | C76: 记51 | D76: 41018 | E76: 考虑减了 | F76: 25240 | G76: 25240 | K76: =G76+H76+I76+J76 -> 25240
A77: 71 | B77: 41029 | C77: 记51 | D77: 41018 | E77: 考虑减了 | F77: 1262 | H77: 1262 | K77: =G77+H77+I77+J77 -> 1262
A78: 72 | B78: 41029 | C78: 记51 | D78: 41018 | E78: 考虑减了 | F78: 757.2 | J78: 757.2 | K78: =G78+H78+I78+J78 -> 757.2
A79: 73 | B79: 41029 | C79: 记51 | D79: 41018 | E79: 考虑减了 | F79: 504.8 | J79: 504.8 | K79: =G79+H79+I79+J79 -> 504.8
A80: 74 | B80: 41059 | C80: 记35 | D80: 41040 | E80: 考虑减了 | F80: 209106.7 | G80: 209106.7 | K80: =G80+H80+I80+J80 -> 209106.7
A81: 75 | B81: 41059 | C81: 记35 | D81: 41040 | E81: 考虑减了 | F81: 10455.34 | H81: 10455.34 | K81: =G81+H81+I81+J81 -> 10455.34
A82: 76 | B82: 41059 | C82: 记35 | D82: 41040 | E82: 考虑减了 | F82: 6273.2 | I82: 6273.2 | K82: =G82+H82+I82+J82 -> 6273.2
A83: 77 | B83: 41059 | C83: 记35 | D83: 41040 | E83: 考虑减了 | F83: 4182.13 | J83: 4182.13 | K83: =G83+H83+I83+J83 -> 4182.13
A84: 78 | B84: 41059 | C84: 记35 | D84: 41040 | E84: 考虑减了 | F84: 147679.8 | G84: 72887.95 | K84: =G84+H84+I84+J84 -> 72887.95
A85: 79 | B85: 41059 | C85: 记35 | D85: 41040 | E85: 考虑减了 | F85: 7383.99 | H85: 3644.4 | K85: =G85+H85+I85+J85 -> 3644.4
A86: 80 | B86: 41059 | C86: 记35 | D86: 41040 | E86: 考虑减了 | F86: 4430.39 | I86: 2186.64 | K86: =G86+H86+I86+J86 -> 2186.64
A87: 81 | B87: 41059 | C87: 记35 | D87: 41040 | E87: 考虑减了 | F87: 2953.6 | J87: 1457.76 | K87: =G87+H87+I87+J87 -> 1457.76
A88: 82 | B88: 41090 | C88: 记28 | D88: 41074 | E88: 考虑减了 | F88: 119539.45 | G88: 76987.25 | K88: =G88+H88+I88+J88 -> 76987.25
A89: 83 | B89: 41090 | C89: 记28 | D89: 41074 | E89: 考虑减了 | F89: 5976.97 | H89: 3849.36 | K89: =G89+H89+I89+J89 -> 3849.36
A90: 84 | B90: 41090 | C90: 记28 | D90: 41074 | E90: 考虑减了 | F90: 3586.18 | I90: 2309.62 | K90: =G90+H90+I90+J90 -> 2309.62
A91: 85 | B91: 41090 | C91: 记28 | D91: 41074 | E91: 考虑减了 | F91: 2309.79 | J91: 1539.75 | K91: =G91+H91+I91+J91 -> 1539.75
A92: 86 | B92: 41090 | C92: 记81 | D92: 41088 | E92: 考虑减了 | F92: 285896.1 | G92: 285291.25 | K92: =G92+H92+I92+J92 -> 285291.25
A93: 87 | B93: 41090 | C93: 记81 | D93: 41088 | E93: 考虑减了 | F93: 14294.81 | H93: 14264.56 | K93: =G93+H93+I93+J93 -> 14264.56
A94: 88 | B94: 41090 | C94: 记81 | D94: 41088 | E94: 考虑减了 | F94: 8576.88 | I94: 8558.74 | K94: =G94+H94+I94+J94 -> 8558.74
A95: 89 | B95: 41090 | C95: 记81 | D95: 41088 | E95: 考虑减了 | F95: 5717.92 | J95: 5705.83 | K95: =G95+H95+I95+J95 -> 5705.83
A96: 90 | B96: 41120 | C96: 记11 | D96: 41094 | E96: 考虑减了 | F96: 48299.55 | G96: 5941.35 | K96: =G96+H96+I96+J96 -> 5941.35
A97: 91 | B97: 41120 | C97: 记11 | D97: 41094 | E97: 考虑减了 | F97: 2414.98 | H97: 297.07 | K97: =G97+H97+I97+J97 -> 297.07
A98: 92 | B98: 41120 | C98: 记11 | D98: 41094 | E98: 考虑减了 | F98: 1448.99 | I98: 178.24 | K98: =G98+H98+I98+J98 -> 178.24
A99: 93 | B99: 41120 | C99: 记11 | D99: 41094 | E99: 考虑减了 | F99: 965.99 | J99: 118.83 | K99: =G99+H99+I99+J99 -> 118.83
A100: 94 | B100: 41120 | C100: 记28 | D100: 41106 | E100: 考虑减了 | F100: 11562.7 | G100: 11562.7 | K100: =G100+H100+I100+J100 -> 11562.7
...

Sheet Sheet26
A1: 就换过开几个
A2: =Sheet2!A2 -> 看就会立刻就会老客户考虑减 | H2: 金额单位：元
A3: 序号 | B3: 会计凭证 | D3: 好几个 | G3: 好几个 | H3: 备注 | I3: 核对
B4: 好几个 | C4: 好几个 | D4: 就很尴尬 | E4: 会根据 | F4: 好几个
B5: 1 | C5: 2 | D5: 3 | E5: 4 | F5: 5 | G5: 6 | H5: 7
B6: 合计 | F6: =SUM(F7:F80) -> 16679425 | G6: =SUM(G7:G80) -> 3021048.4
A7: 1 | B7: 40688 | C7: 法官 | D7: 40688 | E7: 李经理看 | F7: 1075115.9 | G7: =1075115.93-1039442.84 -> 35673.09
A8: 2 | B8: 40715 | C8: 法官 | D8: 40708 | E8: 李经理看 | F8: 581315.13 | G8: =581315.13-137167.27 -> 444147.86
A9: 3 | B9: 40715 | C9: 法官 | D9: 40710 | E9: 李经理看 | F9: 44392.24 | G9: 44392.24
A10: 4 | B10: 40746 | C10: 法官 | D10: 40738 | E10: 李经理看 | F10: 22352.34 | G10: =180772.98-171640.92 -> 9132.06 | H10: 全部在一期抵扣完，详见一期工作底稿 | J10: 看了看
A11: 5 | B11: 40755 | C11: 法官 | D11: 40745 | E11: 李经理看 | F11: 40319.74 | G11: 40319.74
A12: 6 | B12: 40767 | C12: 法官 | D12: 40760 | E12: 李经理看 | F12: 154200.2 | G12: 154200.2
A13: 7 | B13: 40807 | C13: 法官 | D13: 40800 | E13: 李经理看 | F13: 165854.5 | G13: 165854.5
A14: 8 | B14: 40816 | C14: 法官 | D14: 40814 | E14: 李经理看 | F14: 182294.02 | G14: 182294.02
A15: 9 | B15: 40858 | C15: 法官 | D15: 40858 | E15: 李经理看 | F15: 69031.14 | G15: 69031.14
A16: 10 | B16: 40890 | C16: 法官 | D16: 40884 | E16: 李经理看 | F16: 121136.54 | G16: 121136.54
A17: 12 | B17: 2012-2-30 | C17: 法官 | D17: 40949 | E17: 李经理看 | F17: 75960.66 | G17: 75960.66
A18: 13 | B18: 40998 | C18: 法官 | D18: 40983 | E18: 李经理看 | F18: 29874.68 | G18: 29874.68
A19: 14 | B19: 41029 | C19: 法官 | D19: 41012 | E19: 李经理看 | F19: 24635.44 | G19: 24635.44
A20: 15 | B20: 41029 | C20: 法官 | D20: 41011 | E20: 李经理看 | F20: 3836.82 | G20: 3836.82
A21: 16 | B21: 41029 | C21: 法官 | D21: 41018 | E21: 李经理看 | F21: 10096 | G21: 10096
A22: 17 | B22: 41059 | C22: 法官 | D22: 41040 | E22: 李经理看 | F22: 83642.48 | G22: 83642.48
A23: 18 | B23: 41059 | C23: 法官 | D23: 41040 | E23: 李经理看 | F23: 59071.92 | G23: 29155.18
A24: 19 | B24: 41090 | C24: 法官 | D24: 41074 | E24: 李经理看 | F24: 47815.78 | G24: 30794.9
A25: 20 | B25: 41090 | C25: 法官 | D25: 41088 | E25: 李经理看 | F25: 114134.65 | G25: 114116.5
A26: 21 | B26: 41120 | C26: 法官 | D26: 41094 | E26: 李经理看 | F26: 19319.82 | G26: 2376.54
A27: 22 | B27: 41120 | C27: 法官 | D27: 41106 | E27: 李经理看 | F27: 4625.08 | G27: 4625.08
A28: 23 | B28: 41134 | C28: 法官 | D28: 41127 | E28: 李经理看 | F28: 34277 | G28: 26215.88
A29: 24 | B29: 41138 | C29: 法官 | D29: 41131 | E29: 李经理看 | F29: 800 | G29: 800
... A32: 27 | B32: 41326 | C32: 法官 | D32: 41330 | E32: 李经理看 | F32: 1053373.6 | G32: 61636.62
A33: 28 | B33: 41345 | C33: 法官 | D33: 41352 | E33: 李经理看 | F33: 427163.93 | G33: 87880.5 | H33: 讲话稿 | I33: 看见好看 | J33: 健康快乐
A34: 29 | B34: 41371 | C34: 记25 | D34: 41376 | E34: （2012）琼地电转03143243 | F34: 1260058.1 | G34: 134018.38
A35: 30 | B35: 41407 | C35: 记37 | D35: 41410 | E35: （2012）琼地电转03485027 | F35: 530865.18 | G35: =52236.54+22632.8 -> 74869.34
A36: 31 | B36: 41442 | C36: 记35 | D36: 41452 | E36: （2012）琼地电转03487278 | F36: 965972.87 | G36: 65041.18
A37: 32 | B37: 41455 | C37: 记67 | D37: 41453 | E37: （2012）琼地电转03490809 | F37: 937500 | G37: 63861.24
A38: 33 | B38: 41543 | C38: 记51 | D38: 41536 | E38: （2012）琼地电转03501812 | F38: 342853.13 | G38: 31901.96
A39: 34 | B39: 41578 | C39: 记86 | D39: 41563 | E39: （2012）琼地电转03501494 | F39: 182504.03 | G39: 24449.3
A40: 35 | B40: 41608 | C40: 记88 | D40: 41598 | E40: （2012）琼地电转0434032 | F40: 275365.19 | G40: 21718.26
A41: 36 | B41: 41639 | C41: 记110 | D41: 2013-1-12-13 | E41: （141）琼地证00238664 | F41: 228304.28 | G41: 24391.54
A42: 37 | B42: 41670 | C42: 记120 | D42: 41652 | E42: （141）琼地证00242657 | F42: 334689.38 | G42: 37222.94
A43: 38 | B43: 41698 | C43: 记84 | D43: 41691 | E43: （141）琼地证00245499 | F43: 2456301.8 | G43: 21292.54
A44: 39 | B44: 41729 | C44: 记79 | D44: 41717 | E44: （141）琼地证00239035 | F44: 1131188.5 | G44: 11060
A45: 40 | B45: 41759 | C45: 记93 | D45: 41750 | E45: （141）琼地证00351458 | F45: 20118.67 | G45: 5634.98
A46: 41 | B46: 41790 | C46: 记102 | D46: 41765 | E46: （141）琼地证00354970 | F46: 382325.97 | G46: 26556.58
A47: 42 | B47: 41943 | C47: 记59 | D47: 41935 | E47: （141）琼地证00850632 | F47: 42438.76 | G47: 11317
A48: 43 | B48: 41973 | C48: 记75 | D48: 41961 | E48: （141）琼地证00850734 | F48: 101361.21 | G48: 4015.94
A49: 44 | B49: 42004 | C49: 记91 | D49: 41998 | E49: （141）琼地证01362944 | F49: 39922.57 | G49: 10646.02
A50: 45 | B50: 42035 | C50: 记94 | D50: 42018 | E50: （141）琼地证01798070 | F50: 216539.1 | G50: 3720
A51: 46 | B51: 42369 | C51: 记151 | D51: 42353 | E51: （141）琼地证02867949 | F51: 207837.44 | G51: 5900.5
A52: 47 | B52: 42400 | C52: 记144 | D52: 42384 | E52: （141）琼地证03247589 | F52: 6979.06 | G52: 3963.74
A53: 48 | B53: 42490 | C53: 记137 | D53: 42472 | E53: （141）琼地证03884451 | F53: 41609.68 | G53: 4000
... A62: 57 | B62: 43100 | C62: 记-0119 | D62: 43081 | E62: （171）琼地证00545238 | F62: 62715.16 | G62: 9800
